 Dungeon Crawl Stone Soup version 0.22-a0-274-gf8199ec (webtiles) character file.

696649 sankara the Hoplite (level 27, -9/179 HPs)
             Began as a Gargoyle Fighter on Mar 6, 2018.
             Was the Champion of the Shining One.
             Blown up by an eye of devastation (34 damage)
             ... with a bolt of energy
             ... on level 4 of the Pits of Slime on Mar 13, 2018.
             The game lasted 12:41:41 (97968 turns).

sankara the Hoplite (Gargoyle Fighter)             Turns: 97968, Time: 12:41:42

Health: -9/179     AC: 43    Str: 19    XL:     27
Magic:  3/37       EV: 18    Int: 32    God:    the Shining One [******]
Gold:   6595       SH: 28    Dex: 11    Spells: 1/56 levels left

rFire    + + +     SeeInvis +   a - +9 sacred scourge (holy)
rCold    + . .     Gourm    .   z - +3 large shield {AC+3}
rNeg     + + +     Faith    .   g - +4 troll leather armour {Purgy}
rPois    ∞         Spirit   .   U - +0 hat {Int+3}
rElec    +         Reflect  +   X - +1 cloak of the Saviour {rF+ MR+ rCorr}
rCorr    +         Harm     .   p - +1 pair of gloves of the Burgomaster {rF+ SInv Stlth+}
MR       ++++.     Rnd*Tele +   y - +0 pair of boots of the Oligarchy {MR+}
Stlth    ++........             w - +2 amulet of reflection
HPRegen  0.79/turn              K - +4 ring of intelligence
MPRegen  0.25/turn              H - ring "Waticke" {rCorr rPois rC+ Int+2 Dex+4}

@: flying, glowing
A: antennae 1, big wings, blurry vision 1, clever 1, clumsy 1, fire resistance
1, low mp 1, negative energy resistance 1, screaming 1, electricity resistance,
teleportitis 1, weak 1, unbreathing, petrification resistance, rot immunity,
MP-powered wands, AC +20
}: 4/15 runes: barnacled, silver, abyssal, gossamer
a: Stop Flying, Divine Shield, Cleansing Flame, Summon Divine Warrior, Renounce
Religion


You were on level 4 of the Pits of Slime.
You worshipped the Shining One.
The Shining One was exalted by your worship.
You were hungry.

You visited 12 branches of the dungeon, and saw 58 of its levels.
You visited the Abyss 1 time.
You also visited: Labyrinth, Sewer, Volcano and Desolation.

You collected 8583 gold pieces.
You spent 1988 gold pieces at shops.

Inventory:

Hand Weapons
 a - a +9 sacred scourge of holy wrath (weapon) (the Shining One gifted it to you on level 3 of the Crypt)
Missiles
 n - 5 throwing nets {=f, !d}
 r - 55 javelins (quivered)
 J - 5 tomahawks of dispersal {=f}
Armour
 g - a +4 troll leather armour (worn) {Purgy}
   (You found it in a sewer)
 p - the +1 pair of gloves of the Burgomaster (worn) {rF+ SInv Stlth+}
   (Okawaru gifted it to you on level 2 of the Lair of Beasts)

   It protects you from fire.
   It lets you see invisible.
   It makes you more stealthy.
 y - the +0 pair of boots of the Oligarchy (worn) {MR+}
   (You found it on level 4 of the Depths)

   It affects your resistance to hostile enchantments.
 z - a +3 large shield of protection (worn)
   (Okawaru gifted it to you on level 5 of the Lair of Beasts)
 U - a +0 hat of intelligence (worn)
   (You took it off Gastronok on level 1 of the Lair of Beasts)
 X - the +1 cloak of the Saviour (worn) {rF+ MR+ rCorr}
   (Okawaru gifted it to you on level 10 of the Dungeon)

   It protects you from fire.
   It affects your resistance to hostile enchantments.
   It protects you from acid and corrosion.
Jewellery
 w - a +2 amulet of reflection (around neck)
   (You found it on level 2 of the Lair of Beasts)
 H - the ring "Waticke" (right hand) {rCorr rPois rC+ Int+2 Dex+4}
   (You acquired it on level 5 of the Depths)

   [ring of resist corrosion]

   It affects your intelligence (+2).
   It affects your dexterity (+4).
   It protects you from cold.
   It protects you from poison.
 K - a +4 ring of intelligence (left hand)
   (You found it on level 4 of the Depths)
 Y - an uncursed ring of protection from cold {rC+, !d}
   (You found it on level 10 of the Dungeon)
Wands
 c - a wand of disintegration (29)
   (You found it on level 2 of the Vaults)
 d - a wand of digging (99)
   (You found it on level 4 of the Lair of Beasts)
 h - a wand of paralysis (109)
   (You found it on level 8 of the Dungeon)
 o - a wand of iceblast (108)
   (You found it on level 2 of the Dungeon)
 P - a wand of enslavement (25)
   (You found it in a labyrinth)
Scrolls
 e - 13 scrolls of fear
 j - 30 scrolls of remove curse
 m - 10 scrolls of blinking {!r}
 q - 8 scrolls of magic mapping {!r}
 v - 8 scrolls of teleportation
 L - 3 scrolls of identify
 M - 8 scrolls of summoning
 N - 6 scrolls of holy word {!r}
 R - 7 scrolls of fog
Potions
 k - 5 potions of cancellation
 l - 3 potions of magic
 t - 9 potions of heal wounds
 u - 4 potions of agility
 x - 5 potions of berserk rage {!q}
 I - 17 potions of curing
 O - 4 potions of resistance
 Q - 14 potions of brilliance
 T - a potion of mutation {!q}
 V - 2 potions of might
 Z - 4 potions of haste
Miscellaneous
 A - a fan of gales (inert)
   (You found it on level 6 of the Lair of Beasts)
 B - a phial of floods
   (You found it on level 2 of the Lair of Beasts)
 C - a lamp of fire (inert)
   (You found it on level 1 of the Vaults)
 D - a lightning rod (3/4)
   (You found it on level 4 of the Depths)
 E - 2 sacks of spiders
 F - 2 boxes of beasts
Comestibles
 f - 52 rations


   Skills:
 - Level 20.0 Fighting
 - Level 18.0 Maces & Flails
 - Level 10.0 Throwing
 - Level 20.0 Armour
 - Level 14.0 Dodging
 - Level 10.0 Stealth
 + Level 22.5 Shields
 - Level 15.0 Spellcasting
 - Level 4.0 Hexes
 - Level 10.0 Charms
 - Level 16.0 Summonings
 - Level 7.1 Translocations
 - Level 4.0 Ice Magic
 - Level 4.0 Air Magic
 - Level 14.0 Earth Magic
 - Level 15.0 Invocations
 - Level 9.0 Evocations


You had one spell level left.
You knew the following spells:

 Your Spells              Type           Power        Failure   Level  Hunger
a - Passwall              Tmut/Erth      ######....   1%          2    None
b - Blink                 Tloc           N/A          1%          2    None
c - Shroud of Golubria    Chrm/Tloc      ######....   1%          2    None
d - Ozocubu's Armour      Chrm/Ice       ######..     1%          3    None
e - Summon Hydra          Summ           #######...   3%          7    #####..
f - Shadow Creatures      Summ           N/A          1%          6    ###....
g - Summon Lightning Spi  Summ/Air       ######..     1%          4    None
h - Petrify               Tmut/Erth      ######..     1%          4    None
i - Monstrous Menagerie   Summ           #######...   3%          7    #####..
j - Swiftness             Chrm/Air       ######..     1%          2    None
k - Aura of Abjuration    Summ           #######...   1%          5    None
l - Lee's Rapid Deconstr  Erth           #######...   1%          5    None
m - Summon Mana Viper     Hex/Summ       ######..     1%          5    None
o - Summon Butterflies    Summ           #######.     0%          1    None


Dungeon Overview and Level Annotations

Branches:
Dungeon (15/15)            Temple (1/1) D:6            Lair (6/6) D:11
 Shoals (4/4) Lair:4       Spider (4/4) Lair:4        Slime (5/5) Lair:6
    Orc (2/2) D:11            Elf (3/3) Orc:2        Vaults (5/5) D:14
  Crypt (3/3) Vaults:2       Tomb (0/3) Crypt:3      Depths (5/5) D:15
    Zot (5/5) Depths:5

Altars:
Ashenzari
Cheibriados
Dithmenos
Elyvilon
Fedhas
Gozag
Hepliaklqana
Kikubaaqudgha
Makhleb
Nemelex Xobeh
Okawaru
Qazlal
Ru
Sif Muna
Trog
Uskayaw
Vehumet
Wu Jian
Xom
Yredelemnul
Zin
The Shining One
Beogh
Lugonu

Shops:
D:4 (   D:12 *   D:13 !   D:14 [   Orc:1 *   Orc:2 (!}(   Depths:4 }}=

Portals:
Hell: Depths:1 Depths:2 Depths:3 Depths:4 Depths:5
Abyss: Depths:3 Depths:4 Depths:5
Pandemonium: Depths:2 Depths:3
Ziggurat: Depths:4

Annotations:
D:5 1 runed door
D:13 exclusion: upstairs
Lair:1 plan: convert to the shining one and clear crypt to get piety
Slime:5 Royal Jelly
Depths:4 3 runed doors


Innate Abilities, Weirdness & Mutations

You are resistant to torment.
Your stone body is resilient. (AC +20)
You are immune to poison.
Your large and strong wings let you fly indefinitely.
You resist negative energy. (rN+)
You are resistant to electric shocks. (rElec)
You can survive without breathing.
You are immune to petrification.
You are immune to rotting.
You have a pair of small antennae on your head.
Scrolls take you a little longer to read.
Your mind is acute. (Int +2)
You are clumsy. (Dex -2)
Your flesh is heat resistant. (rF+)
Your magical capacity is low. (-10% MP)
You occasionally shout uncontrollably at your foes.
You are occasionally teleported next to monsters.
You are weak. (Str -2)
You expend magic power (3 MP) to strengthen your wands.


Message History

You block the slime creature's attack.
You are feeling hungry.
You whack the slime creature!
The slime creature is severely wounded.
You block the slime creature's attack.
You punish the slime creature, causing immense pain!!!
You kill the slime creature!
You block the slime creature's attack.
You thrash the slime creature!!
The slime creature is almost dead.
You block the slime creature's attack.
You whack the slime creature!
You kill the slime creature!
You block the slime creature's attack.
You hit the slime creature.
The slime creature is lightly wounded.
You whack the slime creature!
The slime creature is moderately wounded.
You whack the slime creature!
The slime creature is heavily wounded.
The slime creature closely misses you.
You whack the slime creature!
The slime creature is severely wounded.
You thrash the slime creature!!
You kill the slime creature!
Casting: Shadow Creatures (safe; 1% risk of failure)
Confirm with . or Enter, or press ? or * to list all spells.
Wisps of shadow whirl around you... The acid blob spits acid at you.
The splash of acid reflects off an invisible shield around you!
The splash of acid hits the acid blob.
The acid blob completely resists.
An eye of devastation comes into view.
The eye of devastation gazes at you. The bolt of energy misses you.
The acid blob spits acid at you. The splash of acid hits you! You resist.
* * * LOW HITPOINT WARNING * * *
You are splashed with acid!
The acid burns!
You resist.
* * * LOW HITPOINT WARNING * * *
You swap places.
You block the acid blob's attack.
You whack the acid blob!
Your hands burn!
* * * LOW HITPOINT WARNING * * *
The acid blob is lightly wounded.
You hit the acid blob.
Your hands burn!
* * * LOW HITPOINT WARNING * * *
The acid blob is lightly wounded.
Your extra speed is starting to run out.
The acid blob spits acid at you. The splash of acid hits you!
You are splashed with acid!
The acid burns!
You resist.
* * * LOW HITPOINT WARNING * * *
You whack the acid blob!
Your hands burn!
* * * LOW HITPOINT WARNING * * *
The acid blob is moderately wounded.
You hit the acid blob.
Your hands burn!
* * * LOW HITPOINT WARNING * * *
The acid blob is moderately wounded.
The acid blob spits acid at you. The splash of acid hits you!
You are splashed with acid!
The acid burns!
You resist.
* * * LOW HITPOINT WARNING * * *
You whack the acid blob!
Your hands burn!
* * * LOW HITPOINT WARNING * * *
The acid blob is heavily wounded.
Your slime creature hits the acid blob!
Your slime creature is burned by acid!
You whack the acid blob!
Your hands burn!
* * * LOW HITPOINT WARNING * * *
The acid blob is severely wounded.
You whack the acid blob!
Your hands burn!
* * * LOW HITPOINT WARNING * * *
The acid blob is almost dead.
You block the acid blob's attack.
You whack the acid blob!
Your hands burn!
* * * LOW HITPOINT WARNING * * *
The acid blob is almost dead.
Your slime creature hits the acid blob.
The acid blob dies!
What are your orders? t - Shout!
Orders for allies: a - Attack new target. r - Retreat! s - Stop attacking. g - Guard the area. f - Follow me.
Anything else - Cancel.
Gang up on whom?
Press: ? - help, Dir - move target cursor, f - eye of devastation
Aim: an eye of devastation (haloed) Attack!
Your slime creature dissolves into shadows!
A slime creature comes into view.
There is a stone staircase leading down here.
You feel yourself slow down.
Your slime creature dissolves into shadows!
Your slime creature hits the eye of devastation but does no damage.
The slime creature hits your slime creature.
Your slime creature hits the eye of devastation!
The slime creature completely misses your slime creature.
The eye of devastation gazes at you. The bolt of energy hits you!
You die...

.#......... ............
##
...........##.####....
G......#..##...#.....##
.......#..............#
#..J...................#
.......................#
>.....J......<........##
.....JG...@....<.......#
..................#....#
.................#....##
#......................#
.......................#
#....#...........<....##
#....................##
##.#..#.......#.......#
#....................##


You could see 2 slime creatures, an eye of devastation and a friendly slime
creature.

Vanquished Creatures
  5 ancient liches (Zot:5)
  Tiamat (Zot:3)
  Sojobo (Depths:5)
  Saint Roka (Orc:1)
  A Killer Klown (Zot:5)
  Frederick (Crypt:1)
  2 curse toes
  3 caustic shrikes
  5 golden dragons
  A bone dragon (Abyss:5)
  5 electric golems
  Jorgrun (Spider:4)
  Rupert (Orc:2)
  6 quicksilver dragons
  2 liches
  A Hell Sentinel (Abyss:5)
  A quicksilver dragon (shapeshifter) (Vaults:5)
  10 deep elf blademasters
  13 tentacled monstrosities
  The ghost of Klosterheim the Earth Mage, an adept FoEE of Vehumet (Spider:2)
  6 Orb Guardians (Zot:5)
  12 titans
  2 acid blobs (Slime:5)
  3 deep elf master archers
  An Executioner (Abyss:4)
  2 ancient champions (Crypt:2)
  6 death cobs
  4 sphinxes
  5 tentacled starspawn (Abyss:5)
  Gastronok (Lair:1)
  10 tengu reavers
  Kirke (D:14)
  A kraken (Shoals:4)
  5 shadow dragons
  12 storm dragons
  A revenant (Crypt:3)
  7 draconian monks
  Ilsuiw (Shoals:3)
  7 fire giants
  5 imperial myrmidons (Desolation)
  4 azure jellies
  9 frost giants
  6 ghost moths
  5 deep elf sorcerers
  7 draconian knights
  An orc warlord (Vaults:1)
  9 draconian scorchers
  A curse skull (Crypt:1)
  A balrug (Abyss:3)
  7 draconian shifters
  7 emperor scorpions
  8 vault wardens
  4 draconian annihilators
  A spriggan defender (Depths:2)
  3 draconian stormcallers
  2 war gargoyles
  Louise (Spider:3)
  8 ghouls
  2 deep elf elementalists
  16 ironheart preservers
  10 very ugly things
  A reaper (Crypt:3)
  3 entropy weavers (Spider:1)
  4 green draconians
  6 black draconians
  23 stone giants
  7 vampire knights
  2 lorocyprocas
  A deep elf demonologist (Vaults:5)
  5 deep elf annihilators
  9 white draconians
  5 red draconians
  11 yellow draconians
  8 spark wasps
  2 halazid warlocks (Desolation)
  11 purple draconians
  A minotaur (Lab)
  Snorg (Lair:5)
  2 blizzard demons (Abyss:5)
  7 ettins
  4 mummy priests (Crypt:3)
  6 merfolk javelineers (Shoals:4)
  14 deep elf death magi
  2 death oozes (Slime:4)
  6 merfolk impalers
  3 eidola
  A crystal guardian (Desolation)
  12 fire dragons
  Josephine (Shoals:1)
  11 yaktaur captains
  A deep elf high priest (Depths:2)
  Harold (Lair:1)
  6 jiangshi
  4 ragged hierophants (Desolation)
  21 vault guards
  8 servants of whispers (Desolation)
  7 great orbs of eyes
  A hell beast (Depths:1)
  12 ice dragons
  3 rakshasas
  5 peacekeepers (Desolation)
  A naga warrior (Abyss:1)
  5 catoblepae
  7 hydras
  7 merfolk aquamancers
  5 death knights
  8 centaur warriors
  A ghost crab (Abyss:4)
  An alligator snapping turtle (Shoals:4)
  15 ogre magi
  4 merfolk avatars
  2 satyrs (Shoals:3)
  28 two-headed ogres
  8 death scarabs (Spider:4)
  6 death yaks (Lair:6)
  4 deep troll earth magi
  2 tengu warriors (D:14)
  9 deep troll shamans
  Urug (Lair:3)
  4 hell hogs (Abyss:5)
  19 dancing weapons
  7 vampire magi
  11 thrashing horrors
  6 spriggan berserkers
  A queen ant (Spider:1)
  27 deep elf knights
  4 sun demons
  An orc high priest (Elf:2)
  5 hell knights
  Nergalle (D:11)
  An iron troll (Depths:2)
  12 skeletal warriors
  6 wretched stars
  2 soul eaters
  A death drake (Abyss:5)
  23 deep trolls
  5 sixfirhies
  5 glowing orange brains
  4 unseen horrors
  33 starcursed masses
  4 shadow wraiths
  A death drake (shapeshifter) (Vaults:5)
  A shambling mangrove (Abyss:4)
  2 spectral wolf spiders (Spider:4)
  A shadow demon (Abyss:5)
  2 spatial maelstroms
  2 wizards
  8 sea snakes
  5 flayed ghosts
  2 tengu zombies
  17 deep elf archers
  27 ironbrand convokers
  A lindwurm (Orc:1)
  An orange crystal statue (Depths:3)
  A shadow dragon zombie (Crypt:1)
  A lindwurm (shapeshifter) (Depths:2)
  A mana viper (Abyss:5)
  7 orc knights
  11 phantasmal warriors
  23 wolf spiders
  8 necromancers
  2 human zombies (Vaults:2)
  15 harpies
  42 ugly things
  2 salamanders
  15 orb spiders
  63 deep elf magi
  A shining eye (Slime:2)
  6 orc sorcerers (Orc:2)
  A salamander (shapeshifter) (Vaults:4)
  3 wolf spider zombies
  33 fauns
  6 cyclopes
  15 moths of wrath
  7 manticores
  2 fire giant skeletons
  3 apocalypse crabs
  11 elephants
  2 human skeletons (Vaults:2)
  3 worldbinders
  5 merfolk sirens
  Joseph (D:9)
  A torpor snail (Spider:3)
  2 dire elephant skeletons
  13 vault sentinels
  10 smoke demons
  7 water nymphs
  4 guardian serpents
  A black mamba (Lair:5)
  An orange demon (Abyss:5)
  11 spiny frogs
  4 gargoyles
  An eye of devastation (Abyss:5)
  An ice statue (Lair:2)
  The ghost of Autsider the Digger, a novice DsEE (D:4)
  3 molten gargoyles
  A spiny frog (shapeshifter) (Vaults:1)
  A catoblepas zombie (Crypt:1)
  A red draconian zombie (Crypt:1)
  2 rime drakes (shapeshifter)
  2 spectral redbacks (Spider:4)
  9 komodo dragons
  15 freezing wraiths
  2 redback zombies (Spider:4)
  A red draconian skeleton (Crypt:1)
  An ice devil (Lair:2)
  A hellion (Depths:2)
  A tormentor (Abyss:3)
  A kobold demonologist (D:11)
  3 efreet
  A yaktaur (shapeshifter) (Vaults:4)
  9 rime drakes
  25 small abominations
  20 demonic crawlers
  20 yaktaurs
  6 red devils (D:12)
  2 tengu conjurers (Depths:4)
  28 guardian mummies (Crypt:3)
  8 ancient zymes
  A merfolk (shapeshifter) (Vaults:4)
  A queen bee (shapeshifter) (Vaults:3)
  4 trolls
  5 polar bears (Lair:2)
  46 jumping spiders
  16 hornets
  2 harpy skeletons
  19 merfolk
  A moth of wrath zombie (Crypt:1)
  A shadow dragon simulacrum (Vaults:4)
  A blink frog (shapeshifter) (Vaults:4)
  6 dream sheep (Shoals:3)
  2 spectral tarantellas (Spider:4)
  3 tarantella zombies (Spider:4)
  2 wind drakes (Shoals:3)
  2 bog bodies (Crypt:1)
  39 saltlings (Desolation)
  6 spectral jumping spiders (Spider:4)
  17 blink frogs
  59 slime creatures
  A slime creature (shapeshifter) (Vaults:4)
  An alligator zombie (Abyss:2)
  12 raiju
  30 hippogriffs
  4 jumping spider zombies
  7 snapping turtles
  A dream sheep (shapeshifter) (D:15)
  2 frost giant simulacra
  A hippogriff (shapeshifter) (Vaults:4)
  An ettin zombie (Vaults:2)
  A satyr skeleton (Crypt:2)
  7 flying skulls
  2 fire dragon skeletons
  85 redbacks
  A spriggan (Depths:4)
  21 water elementals
  6 wyverns
  10 ynoxinuls
  30 large abominations
  40 tarantellas
  6 ushabtiu (Crypt:3)
  15 wraiths
  4 shadows
  7 chaos spawn
  61 yaks
  3 air elementals
  2 basilisks (D:15)
  A fire elemental (Elf:1)
  5 hogs
  4 golden eyes (Abyss:5)
  21 humans
  Grum (D:9)
  2 fire bats (Volcano)
  A human (shapeshifter) (D:13)
  A wind drake skeleton (Crypt:3)
  2 hungry ghosts
  4 neqoxecs (Abyss:5)
  An insubstantial wisp (Abyss:4)
  5 wargs
  2 spatial vortices
  24 soldier ants
  5 acid dragons
  12 water moccasins
  3 soldier ants (shapeshifter)
  2 hell hounds (D:15)
  11 porcupines
  A merfolk skeleton (Crypt:1)
  Purgy (Sewer)
  A manticore zombie (Abyss:1)
  A spectral hornet (Spider:4)
  2 floating eyes
  A swamp dragon zombie (Crypt:1)
  10 ice beasts
  29 orc warriors
  2 sky beasts
  10 black bears
  A lindwurm zombie (Crypt:3)
  An ogre (shapeshifter) (Depths:3)
  A hornet zombie (D:11)
  29 ogres
  4 eyes of draining
  9 wolves
  3 phantoms
  A boggart (Depths:4)
  3 necrophages
  17 centaurs
  An ice dragon simulacrum (Crypt:1)
  A snapping turtle skeleton (Crypt:3)
  14 crocodiles
  A big kobold (shapeshifter) (Vaults:1)
  5 big kobolds
  6 earth elementals
  18 bullfrogs
  A glowing shapeshifter simulacrum (Depths:4)
  2 ogre simulacra (Vaults:1)
  An elf skeleton (Crypt:1)
  7 scorpions
  A water moccasin skeleton (D:7)
  A polar bear skeleton (Crypt:3)
  5 wights
  A wolf zombie (Crypt:3)
  5 howler monkeys
  4 electric eels
  3 centaur zombies
  5 crimson imps
  4 lava snakes (Volcano)
  2 quasits
  6 hounds
  10 jellies
  A bullfrog zombie (D:8)
  A bullfrog skeleton (D:13)
  20 orc priests
  6 centaur skeletons
  34 orc wizards
  3 iron imps
  A black bear skeleton (Crypt:3)
  2 iguanas
  Ijyb (D:5)
  4 lightning spires (Abyss:5)
  31 worker ants
  A killer bee zombie (D:5)
  2 acid dragon skeletons
  2 ogre skeletons (Crypt:3)
  A naga skeleton (Crypt:2)
  19 mummies (Crypt:3)
  A worker ant zombie (D:6)
  2 swamp drake zombies
  5 gnolls
  A howler monkey skeleton (D:3)
  13 adders
  A swamp drake skeleton (Crypt:1)
  2 shadow imps
  4 white imps
  2 ufetubi
  A worm zombie (Crypt:1)
  2 adder skeletons
  2 adder zombies
  3 worms
  2 dart slugs
  6 leopard geckos
  105 orcs
  2 ball pythons (D:3)
  7 bats
  8 giant cockroaches
  A gnoll zombie (Crypt:2)
  7 goblins
  11 hobgoblins
  17 jackals
  4 quokkas
  A ball python skeleton (D:4)
  A ball python zombie (Crypt:2)
  4 frilled lizards
  A jackal zombie (Crypt:1)
  27 kobolds
  A kobold skeleton (Crypt:2)
  3 leopard gecko skeletons
  2 quokka skeletons
  5 rats
  A rat skeleton (Crypt:3)
  4 crawling corpses
  2 fungi (Lair:6)
  5 starspawn tentacles
  4 tentacles
2711 creatures vanquished.

Vanquished Creatures (collateral kills)
  2 orbs of fire
  An ancient lich (Abyss:5)
  2 juggernauts
  A greater mummy (Crypt:3)
  A Killer Klown (Zot:5)
  2 caustic shrikes (Depths:5)
  5 golden dragons
  A bone dragon (Abyss:5)
  2 liches (Depths:3)
  10 tentacled monstrosities
  6 titans
  3 Orb Guardians (Zot:5)
  A kraken (Shoals:4)
  9 acid blobs
  5 quicksilver dragons
  An Executioner (Abyss:5)
  Asterion (Elf:3)
  5 tentacled starspawn
  3 sphinxes
  An ancient champion (Depths:1)
  3 death cobs
  5 tengu reavers
  8 shadow dragons
  A draconian monk (Zot:1)
  A revenant (Crypt:2)
  2 storm dragons
  4 deep elf sorcerers (Elf:3)
  13 fire giants
  2 draconian knights
  A daeva (Abyss:5)
  5 draconian shifters
  3 azure jellies
  5 vault wardens (Vaults:5)
  Aizul (Elf:3)
  3 draconian scorchers
  7 frost giants
  4 draconian annihilators
  3 deep elf elementalists
  A draconian stormcaller (Zot:3)
  12 very ugly things
  An ophan (Abyss:4)
  A stone giant (shapeshifter) (Vaults:5)
  2 entropy weavers
  3 ironheart preservers (Vaults:5)
  11 stone giants
  3 vampire knights
  A caustic shrike skeleton (Crypt:2)
  8 green draconians
  3 deep elf demonologists
  6 black draconians
  8 purple draconians
  7 white draconians
  7 deep elf annihilators
  3 spark wasps (Depths:4)
  3 red draconians
  8 yellow draconians
  4 deep elf death magi (Elf:3)
  6 ettins
  4 deep elf high priests
  5 fire dragons
  4 great orbs of eyes
  2 mummy priests (Crypt:3)
  3 ice dragons
  A quicksilver dragon skeleton (Crypt:1)
  13 vault guards (Vaults:5)
  A naga warrior (Abyss:5)
  3 yaktaur captains
  3 rakshasas
  A centaur warrior (Depths:4)
  A merfolk avatar (Shoals:4)
  A spriggan air mage (Depths:5)
  5 two-headed ogres
  2 dancing weapons
  6 ogre magi
  18 thrashing horrors
  3 deep troll earth magi (Depths:3)
  3 deep troll shamans (Depths:3)
  2 spriggan berserkers (Depths:3)
  A sun demon (Abyss:5)
  2 skeletal warriors
  5 deep elf knights
  5 wretched stars
  A fire crab (Abyss:4)
  3 hell knights (Depths:3)
  A soul eater (Depths:2)
  A shadow wraith (Crypt:2)
  A spatial maelstrom (Abyss:5)
  5 deep trolls
  2 iron trolls
  A salamander mystic (Depths:3)
  An unseen horror (shapeshifter) (Abyss:3)
  A glowing orange brain (Depths:3)
  An infernal demonspawn (Depths:2)
  3 phantasmal warriors
  7 deep elf archers
  3 ironbrand convokers (Vaults:5)
  An orb spider (shapeshifter) (Depths:3)
  A tengu zombie (Depths:4)
  17 deep elf magi
  A necromancer (Crypt:1)
  A manticore (Shoals:4)
  2 wolf spiders
  A sphinx skeleton (Depths:4)
  A salamander (Abyss:1)
  3 worldbinders
  17 large abominations
  6 moths of wrath
  A shining eye (shapeshifter) (Depths:4)
  6 ugly things
  A merfolk siren (Shoals:4)
  A vault sentinel (Vaults:5)
  A spriggan zombie (Depths:4)
  A rust devil (Abyss:5)
  2 guardian serpents
  6 smoke demons
  A stone giant skeleton (Vaults:5)
  2 eyes of devastation (Slime:5)
  A minotaur zombie (Crypt:1)
  2 apocalypse crabs (Abyss:5)
  A storm dragon simulacrum (Abyss:5)
  6 yaktaurs
  An orange demon (Abyss:4)
  2 freezing wraiths (Abyss:5)
  10 ancient zymes
  21 starcursed masses
  8 guardian mummies (Crypt:3)
  A tengu conjurer (Depths:3)
  A meliai (shapeshifter) (Depths:5)
  30 slime creatures
  A stone giant simulacrum (Depths:1)
  2 hornets (Abyss:4)
  8 raiju
  A frost giant simulacrum (Abyss:3)
  3 flying skulls (Crypt:3)
  A shadow (Abyss:3)
  2 redbacks (Vaults:5)
  An air elemental (Elf:2)
  4 water elementals (Depths:4)
  A vampire (Abyss:3)
  5 ynoxinuls
  A fire elemental (Abyss:5)
  A hungry ghost (Abyss:3)
  5 neqoxecs
  3 chaos spawn
  An emperor scorpion simulacrum (Crypt:1)
  3 nagas
  3 spatial vortices
  2 insubstantial wisps (Abyss:4)
  2 hydra simulacra
  13 small abominations
  A sky beast (Abyss:3)
  A swamp dragon zombie (Crypt:1)
  5 ogres
  An eye of draining (Slime:5)
  An ice beast (Abyss:2)
  A centaur (Depths:4)
  An iron imp (Depths:2)
  2 lightning spires (Abyss:5)
  4 mummies (Crypt:3)
  A kobold skeleton (Crypt:1)
  8 starspawn tentacles
  2 tentacles (Abyss:4)
604 creatures vanquished.

Vanquished Creatures (others)
  An ancient lich (Zot:5)
  A death cob (Zot:2)
  A kraken (Abyss:4)
  6 deep elf master archers
  A draconian knight (Zot:2)
  A stone giant (Crypt:2)
  A green draconian (Zot:2)
  2 yellow draconians (Zot:2)
  A deep elf annihilator (Zot:1)
  A white draconian (Zot:2)
  A purple draconian (Zot:1)
  A yaktaur captain (Vaults:5)
  A merfolk javelineer (Shoals:1)
  2 centaur warriors
  3 satyrs
  2 deep elf knights
  3 deep elf archers
  A deep troll (Depths:3)
  A deep elf mage (Crypt:2)
  2 fauns
  A manticore (Shoals:4)
  2 moths of wrath
  A merfolk siren (Shoals:1)
  6 yaktaurs
  A demonic crawler (Spider:3)
  A merfolk (Shoals:4)
  A redback (Spider:1)
  A human (D:14)
  A chaos spawn (Abyss:3)
  An insubstantial wisp (Abyss:4)
  An orc warrior (Elf:2)
  4 centaurs
  An orc wizard (Orc:2)
  An ufetubus (Depths:2)
  2 orcs
  53 fungi
  3 lurking horrors
  71 plants
  16 starspawn tentacles
  16 tentacles
  A withered plant (D:3)
218 creatures vanquished.

Grand Total: 3533 creatures vanquished

Notes
Turn   | Place    | Note
-------+----------+-------------------------------------------
     0 | D:1      | sankara the Gargoyle Fighter began the quest for the Orb.
     0 | D:1      | Reached XP level 1. HP: 14/14 MP: 1/1
   164 | D:1      | Reached XP level 2. HP: 19/19 MP: 2/2
   368 | D:1      | Reached skill level 3 in Maces & Flails
   697 | D:1      | Reached XP level 3. HP: 14/23 MP: 3/3
  1021 | D:2      | Found an iron altar of Okawaru.
  1026 | D:2      | Found a blossoming altar of Fedhas.
  1027 | D:2      | Found a glowing silver altar of Zin.
  1027 | D:2      | Found a hide-covered altar of Uskayaw.
  1030 | D:2      | Found an ancient bone altar of Kikubaaqudgha.
  1047 | D:2      | Became a worshipper of Warmaster Okawaru
  1131 | D:2      | Found a bloodstained altar of Trog.
  1153 | D:2      | Reached skill level 4 in Maces & Flails
  1482 | D:3      | Reached XP level 4. HP: 21/28 MP: 4/4
  1681 | D:3      | Reached skill level 5 in Maces & Flails
  1703 | D:3      | HP: 6/28 [orc wizard/magic dart (5)]
  1708 | D:3      | Reached XP level 5. HP: 8/32 MP: 5/5
  2137 | D:3      | Reached skill level 1 in Stealth
  2842 | D:4      | Noticed Autsider's ghost (novice DsEE)
  2879 | D:4      | Killed Autsider's ghost
  2879 | D:4      | Reached * piety under Okawaru
  2879 | D:4      | Reached skill level 6 in Maces & Flails
  2879 | D:4      | Reached skill level 4 in Stealth
  2879 | D:4      | Reached XP level 6. HP: 16/37 MP: 6/6
  2879 | D:4      | Reached XP level 7. HP: 17/41 MP: 7/7
  2919 | D:4      | Found a glowing drain.
  2942 | Sewer    | Entered a sewer
  2950 | Sewer    | Noticed Purgy
  2982 | Sewer    | Killed Purgy
  2982 | Sewer    | Reached ** piety under Okawaru
  2982 | Sewer    | Reached skill level 7 in Maces & Flails
  3304 | D:4      | Found Ratiustru's Weapon Emporium.
  3432 | D:4      | Reached skill level 8 in Maces & Flails
  3507 | D:4      | Reached XP level 8. HP: 20/46 MP: 8/8
  3856 | D:5      | Entered Level 5 of the Dungeon
  3861 | D:5      | Found a white marble altar of Elyvilon.
  3861 | D:5      | Found a runed door.
  3861 | D:5      | Noticed an angel
  3971 | D:5      | Noticed Ijyb
  3999 | D:5      | Killed Ijyb
  4047 | D:5      | Reached skill level 1 in Invocations
  4168 | D:5      | Reached skill level 2 in Invocations
  4214 | D:5      | Reached skill level 9 in Maces & Flails
  4228 | D:5      | Reached *** piety under Okawaru
  4473 | D:5      | Reached skill level 3 in Invocations
  4723 | D:6      | Reached skill level 4 in Invocations
  4826 | D:6      | Reached XP level 9. HP: 50/51 MP: 12/12
  4914 | D:5      | Reached skill level 5 in Invocations
  5096 | D:6      | Reached skill level 10 in Maces & Flails
  5198 | D:6      | Found a staircase to the Ecumenical Temple.
  5207 | Temple   | Entered the Ecumenical Temple
  5437 | D:7      | Reached skill level 1 in Dodging
  5488 | D:7      | Reached **** piety under Okawaru
  5701 | D:7      | Reached skill level 4 in Fighting
  5701 | D:7      | Reached skill level 4 in Armour
  5701 | D:7      | Reached skill level 4 in Shields
  5785 | D:7      | Reached skill level 2 in Dodging
  5861 | D:7      | Found a sacrificial altar of Ru.
  6401 | D:8      | Reached XP level 10. HP: 41/58 MP: 13/13
  6495 | D:8      | Reached skill level 5 in Armour
  6504 | D:8      | Reached skill level 5 in Fighting
  6504 | D:8      | Reached skill level 5 in Shields
  6602 | D:8      | Found a shadowy altar of Dithmenos.
  6741 | D:8      | Reached ***** piety under Okawaru
  7033 | D:8      | Reached skill level 3 in Dodging
  7090 | D:8      | Found a radiant altar of Vehumet.
  7106 | D:8      | Noticed a two-headed ogre
  7157 | D:8      | Killed a two-headed ogre
  7157 | D:8      | Received a gift from Okawaru
  7475 | D:9      | Noticed a two-headed ogre
  7481 | D:8      | Reached skill level 6 in Armour
  7571 | D:9      | Noticed Grum
  7599 | D:9      | Killed Grum
  7599 | D:9      | Reached skill level 6 in Fighting
  7599 | D:9      | Reached skill level 6 in Shields
  7708 | D:9      | Found a hazy altar of Hepliaklqana.
  7775 | D:9      | Noticed Joseph
  7818 | D:9      | Reached skill level 11 in Maces & Flails
  7858 | D:9      | Killed Joseph
  8114 | D:9      | Reached skill level 4 in Dodging
  8274 | D:9      | Found a shattered altar of Ashenzari.
  8354 | D:9      | Found a burning altar of Makhleb.
  8356 | D:9      | Noticed a green death
  8427 | D:9      | Noticed a two-headed ogre
  8448 | D:9      | Killed a two-headed ogre
  8448 | D:9      | Reached XP level 11. HP: 57/66 MP: 13/15
  8578 | D:9      | Found a roughly hewn altar of Beogh.
  8621 | D:9      | Found a stormy altar of Qazlal.
  8854 | D:10     | Entered Level 10 of the Dungeon
  8948 | D:10     | Killed a two-headed ogre
  8948 | D:10     | Reached skill level 7 in Fighting
  8948 | D:10     | Reached skill level 7 in Armour
  8948 | D:10     | Reached skill level 7 in Shields
  9197 | D:10     | Received a gift from Okawaru
  9198 | D:10     | Got a heavily runed cloak {god gift}
  9209 | D:10     | Identified the +1 cloak of the Saviour {rF+ MR+ rCorr} (Okawaru gifted it to you on level 10 of the Dungeon)
  9713 | D:10     | Noticed a brown ugly thing
  9735 | D:10     | Killed a brown ugly thing
  9735 | D:10     | Reached skill level 6 in Invocations
 10184 | D:11     | Found a staircase to the Orcish Mines.
 10285 | D:11     | Noticed a sun demon
 10308 | D:11     | HP: 1/67 [gargoyle/stone arrow (20)]
 10678 | D:11     | Reached skill level 5 in Dodging
 10858 | D:11     | Killed an unseen horror
 11296 | D:11     | Noticed a two-headed ogre
 11316 | D:11     | Killed a two-headed ogre
 11322 | D:11     | Found a staircase to the Lair.
 11327 | D:11     | Noticed a cyan ugly thing
 11366 | D:10     | Killed a cyan ugly thing
 11366 | D:10     | Reached skill level 8 in Fighting
 11366 | D:10     | Reached skill level 8 in Armour
 11366 | D:10     | Reached XP level 12. HP: 61/73 MP: 2/17
 11647 | D:10     | Reached skill level 8 in Shields
 11814 | D:11     | Reached skill level 7 in Invocations
 12733 | D:4      | Bought a +1 demon whip of flaming for 408 gold pieces
 12928 | D:11     | Noticed Nergalle
 12945 | D:11     | Killed Nergalle
 12945 | D:11     | Reached skill level 12 in Maces & Flails
 13539 | Lair:1   | Entered Level 1 of the Lair of Beasts
 13582 | Lair:1   | Noticed a five-headed hydra
 13598 | Lair:1   | Killed a five-headed hydra
 13598 | Lair:1   | Reached skill level 6 in Dodging
 13605 | Lair:1   | Received a gift from Okawaru
 13822 | Lair:1   | Noticed Harold
 13832 | Lair:1   | Reached skill level 9 in Fighting
 13849 | Lair:1   | Killed Harold
 13849 | Lair:1   | Reached skill level 9 in Armour
 13849 | Lair:1   | Reached skill level 9 in Shields
 14137 | Lair:1   | Noticed Gastronok
 14159 | Lair:1   | Killed Gastronok
 14159 | Lair:1   | Reached skill level 8 in Invocations
 14197 | Lair:1   | Reached XP level 13. HP: 80/80 MP: 17/19
 14717 | Lair:2   | Received a gift from Okawaru
 14729 | Lair:2   | Got a pair of heavily runed gloves {god gift}
 14821 | Lair:1   | Identified the +1 pair of gloves of the Burgomaster {rF+ SInv Stlth+} (Okawaru gifted it to you on level 2 of the Lair of Beasts)
 15242 | Lair:2   | Reached skill level 7 in Dodging
 15308 | Lair:2   | Reached skill level 10 in Fighting
 15369 | Lair:2   | Reached skill level 10 in Armour
 15432 | Lair:2   | Reached skill level 10 in Shields
 16261 | Lair:3   | Reached skill level 1 in Throwing
 16261 | Lair:3   | Reached skill level 1 in Evocations
 16413 | Lair:3   | Noticed Urug
 16438 | Lair:3   | Killed Urug
 16467 | Lair:3   | Found a shadowy altar of Dithmenos.
 17140 | Lair:3   | Reached skill level 5 in Stealth
 17171 | Lair:3   | Reached skill level 2 in Throwing
 17171 | Lair:3   | Reached skill level 2 in Evocations
 17654 | Lair:4   | Found a staircase to the Shoals.
 18153 | Lair:4   | Reached skill level 3 in Throwing
 18164 | Lair:4   | Reached skill level 3 in Evocations
 18318 | Lair:4   | Found a hole to the Spider Nest.
 18328 | Lair:4   | Reached skill level 9 in Invocations
 18674 | Lair:4   | Reached skill level 11 in Fighting
 18683 | Lair:4   | Reached skill level 4 in Throwing
 18830 | Lair:4   | Gained mutation: Your large and strong wings let you fly indefinitely. [Gargoyle growth]
 18830 | Lair:4   | Reached XP level 14. HP: 89/90 MP: 20/20
 19223 | Lair:5   | Received a gift from Okawaru
 19273 | Lair:5   | Noticed Snorg
 19301 | Lair:5   | Killed Snorg
 19907 | Lair:6   | Entered Level 6 of the Lair of Beasts
 19910 | Lair:6   | Found a staircase to the Slime Pits.
 20260 | Lair:6   | Reached skill level 11 in Shields
 20268 | Lair:6   | Reached skill level 11 in Armour
 20287 | Lair:6   | Reached skill level 12 in Fighting
 20363 | Lair:6   | Learned a level 2 spell: Passwall
 20474 | Lair:6   | Reached skill level 1 in Earth Magic
 20603 | Lair:6   | Reached skill level 2 in Earth Magic
 20672 | Lair:6   | Reached ****** piety under Okawaru
 20968 | Lair:6   | Reached skill level 1 in Spellcasting
 21329 | Lair:6   | Reached skill level 3 in Earth Magic
 21513 | Lair:6   | Received a gift from Okawaru
 21643 | Lair:6   | Reached skill level 2 in Spellcasting
 21698 | Lair:6   | HP: 20/92 [something/blast of calcifying dust (5)]
 21704 | Lair:6   | HP: 19/92 [catoblepas/blast of calcifying dust (3)]
 21714 | Lair:6   | HP: 20/92 [something/blast of calcifying dust (1)]
 22190 | Lair:6   | Reached skill level 4 in Earth Magic
 22233 | Lair:6   | Reached XP level 15. HP: 61/97 MP: 18/21
 22835 | D:12     | Found an opulent altar of Gozag.
 23040 | D:12     | Reached skill level 12 in Shields
 23084 | D:12     | Found Caoxzy Waxos's Assorted Antiques.
 23089 | D:12     | Bought a faintly glowing hunting sling for 188 gold pieces
 23089 | D:12     | Identified the +6 hunting sling "Orb Guardian's Regret" {velocity, *Drain rElec Str+5 Int-3} (You bought it in a shop on level 12 of the Dungeon)
 23555 | Orc:1    | Entered Level 1 of the Orcish Mines
 23633 | Orc:1    | Reached skill level 12 in Armour
 23774 | Orc:1    | Found a dark tunnel.
 23797 | Volcano  | Entered a volcano
 24109 | Volcano  | Found a bloodstained altar of Trog.
 24115 | Volcano  | Reached skill level 13 in Fighting
 24164 | Volcano  | Reached skill level 5 in Earth Magic
 24259 | Volcano  | Reached skill level 13 in Shields
 24382 | Orc:1    | Found Xoim's Assorted Antiques.
 24763 | Orc:2    | Entered Level 2 of the Orcish Mines
 24798 | Orc:2    | Noticed Saint Roka
 24876 | Orc:1    | HP: 30/147 [Saint Roka/divine providence (13)]
 24880 | Orc:1    | Killed Saint Roka
 24880 | Orc:1    | Received a gift from Okawaru
 24880 | Orc:1    | Reached skill level 6 in Earth Magic
 25352 | Orc:2    | Reached skill level 14 in Shields
 25606 | Orc:2    | Found a staircase to the Elven Halls.
 25805 | Orc:2    | Noticed Rupert
 25811 | Orc:2    | Found an ancient bone altar of Kikubaaqudgha.
 25855 | Orc:2    | Killed Rupert
 25855 | Orc:2    | Reached skill level 15 in Shields
 25863 | Orc:2    | Found Mechiatt's Gadget Shoppe.
 25974 | Orc:2    | Found a radiant altar of Vehumet.
 26057 | Orc:2    | Found a roughly hewn altar of Beogh.
 26057 | Orc:2    | Found Nouguok's Antique Weapon Shoppe.
 26058 | Orc:2    | Found Ichisoen's Antique Weapon Emporium.
 26077 | Orc:2    | Found Calit's Distillery.
 26208 | Orc:2    | Bought a dazzling morningstar for 252 gold pieces
 26209 | Orc:2    | Identified the +10 morningstar "Muratt" {freeze, rPois Str+3 Dex-3} (You bought it in a shop on level 2 of the Orcish Mines)
 26617 | D:13     | Reached skill level 16 in Shields
 26653 | D:13     | Found a labyrinth entrance.
 26665 | Lab      | Entered a labyrinth
 26830 | Lab      | Identified the Guide on the Venomous Glacier
 26832 | Lab      | Got a slimy dire flail
 27091 | D:13     | Learned a level 3 spell: Ozocubu's Armour
 27136 | D:13     | Reached skill level 17 in Shields
 27607 | D:13     | Reached XP level 16. HP: 104/104 MP: 22/22
 27719 | D:13     | Found Jacsim's Distillery.
 27911 | D:12     | Reached skill level 18 in Shields
 28156 | D:13     | Received a gift from Okawaru
 28631 | D:14     | Found a gate to the Vaults.
 28757 | D:14     | Found Jonoenk's Armour Boutique.
 28776 | D:14     | Noticed Kirke
 28799 | D:14     | Noticed a sphinx
 28806 | D:14     | Killed Kirke
 28900 | D:14     | Found a glowing golden altar of the Shining One.
 29400 | D:15     | Entered Level 15 of the Dungeon
 29561 | D:15     | Found a white marble altar of Elyvilon.
 29701 | D:15     | Reached skill level 8 in Dodging
 29726 | D:15     | Found a staircase to the Depths.
 30186 | D:15     | Reached skill level 13 in Armour
 30186 | D:15     | Reached skill level 1 in Ice Magic
 30198 | D:15     | Received a gift from Okawaru
 30235 | D:15     | Reached skill level 1 in Charms
 30513 | Shoals:1 | Entered Level 1 of the Shoals
 30513 | Shoals:1 | Noticed Josephine
 30523 | Shoals:1 | Killed Josephine
 30729 | Shoals:1 | Reached skill level 2 in Ice Magic
 30785 | Shoals:1 | Learned a level 2 spell: Blink
 30941 | Shoals:1 | Reached skill level 14 in Fighting
 30941 | Shoals:1 | Reached skill level 3 in Spellcasting
 30951 | Shoals:1 | Reached skill level 2 in Charms
 31174 | Shoals:1 | Reached XP level 17. HP: 109/111 MP: 23/23
 31734 | Shoals:2 | Reached skill level 3 in Ice Magic
 31744 | Shoals:2 | Reached skill level 4 in Evocations
 32009 | Shoals:2 | Reached skill level 3 in Charms
 32703 | Shoals:2 | Received a gift from Okawaru
 32957 | Shoals:3 | Reached skill level 4 in Ice Magic
 33093 | Shoals:3 | Learned a level 1 spell: Summon Butterflies
 33096 | Shoals:3 | Learned a level 2 spell: Call Imp
 33186 | Shoals:3 | Got a creamy pearl robe
 33190 | Shoals:3 | Identified the cursed +0 robe "Nezukucei" {Dex+3} (You found it on level 3 of the Shoals)
 33371 | Shoals:3 | Reached skill level 9 in Dodging
 33375 | Shoals:3 | Reached skill level 4 in Charms
 33391 | Shoals:3 | Reached skill level 1 in Summonings
 33394 | Shoals:3 | Reached skill level 5 in Evocations
 33813 | Shoals:3 | Reached skill level 2 in Summonings
 34083 | Spider:1 | Entered Level 1 of the Spider Nest
 34337 | Spider:1 | Reached skill level 14 in Armour
 34490 | Spider:1 | Received a gift from Okawaru
 34501 | Spider:1 | Reached skill level 5 in Charms
 34542 | Spider:1 | Reached skill level 3 in Summonings
 34609 | Spider:1 | Reached XP level 18. HP: 118/118 MP: 24/24
 34639 | Spider:1 | Got a smoking whip
 34640 | Spider:1 | Identified the +4 whip "Jurestis" {venom, Str+2} (You found it on level 1 of the Spider Nest)
 34956 | Spider:1 | Identified a scroll of acquirement
 35195 | Spider:2 | Noticed Klosterheim's ghost (adept FoEE)
 35337 | Spider:2 | Killed Klosterheim's ghost
 35337 | Spider:2 | Reached skill level 15 in Fighting
 35337 | Spider:2 | Reached skill level 1 in Translocations
 35621 | Spider:2 | Received a gift from Okawaru
 35622 | Spider:2 | Got an ancient flail {god gift}
 35654 | Spider:2 | Identified the +5 flail of Botymeur {vamp, *Noise rN++ Int+2 SInv} (Okawaru gifted it to you on level 2 of the Spider Nest)
 35719 | Spider:2 | Reached skill level 4 in Summonings
 35737 | Spider:2 | Reached skill level 7 in Earth Magic
 35797 | Spider:2 | Learned a level 3 spell: Call Canine Familiar
 36142 | Spider:2 | Reached skill level 2 in Translocations
 36749 | Spider:3 | Reached skill level 4 in Spellcasting
 36813 | Spider:3 | Received a gift from Okawaru
 36982 | Spider:3 | Got a pair of dazzling gloves
 36983 | Spider:3 | Identified the +1 pair of gloves of the Poles {rPois rCorr} (You found it on level 3 of the Spider Nest)
 37615 | Spider:3 | Noticed Louise
 37636 | Spider:3 | Reached skill level 3 in Translocations
 37659 | Spider:3 | Killed Louise
 37659 | Spider:3 | Reached skill level 6 in Charms
 38015 | Spider:4 | Entered Level 4 of the Spider Nest
 38046 | Spider:4 | Reached skill level 10 in Dodging
 38051 | Spider:4 | Reached skill level 8 in Earth Magic
 38248 | Spider:4 | Noticed Jorgrun
 38278 | Spider:4 | Killed Jorgrun
 38278 | Spider:4 | Reached skill level 5 in Summonings
 38290 | Spider:4 | Learned a level 5 spell: Lee's Rapid Deconstruction
 38434 | Spider:4 | Reached skill level 5 in Spellcasting
 38723 | Spider:4 | Reached skill level 15 in Armour
 38723 | Spider:4 | Reached XP level 19. HP: 124/124 MP: 0/26
 38763 | Spider:4 | Learned a level 3 spell: Regeneration
 38768 | Spider:4 | Learned a level 4 spell: Summon Ice Beast
 38990 | Spider:4 | Reached skill level 4 in Translocations
 39469 | Spider:4 | Received a gift from Okawaru
 39884 | Spider:4 | Reached skill level 6 in Summonings
 40080 | Spider:4 | Got a gossamer rune of Zot
 40453 | Vaults:1 | Entered Level 1 of the Vaults
 40471 | D:14     | Reached skill level 7 in Charms
 40471 | D:14     | Reached skill level 9 in Earth Magic
 41036 | Vaults:1 | Reached skill level 11 in Dodging
 41169 | Vaults:1 | Received a gift from Okawaru
 41240 | Vaults:1 | Reached skill level 7 in Summonings
 41270 | Vaults:1 | Reached skill level 10 in Earth Magic
 41417 | Vaults:1 | Reached skill level 8 in Charms
 41560 | Vaults:1 | Received a gift from Okawaru
 41576 | Vaults:1 | Reached skill level 8 in Summonings
 41860 | Vaults:1 | Reached skill level 6 in Spellcasting
 41880 | Vaults:1 | Got an ominously black robe
 41922 | Vaults:1 | Reached XP level 20. HP: 117/129 MP: 22/29
 42086 | Vaults:1 | Reached skill level 7 in Spellcasting
 42349 | Vaults:1 | Reached skill level 8 in Spellcasting
 42389 | Vaults:1 | Received a gift from Okawaru
 42466 | Vaults:1 | Reached skill level 9 in Spellcasting
 42516 | Vaults:1 | Got a wizard robe {god gift}
 42517 | Vaults:1 | Identified the +1 robe of Happiness {rPois rC+} (Okawaru gifted it to you on level 1 of the Vaults)
 42518 | Vaults:1 | Identified the +0 robe of the Ditch-Digger {*Slow rF++ Stlth+} (You took it off a deep elf knight on level 1 of the Vaults)
 42942 | Vaults:1 | Reached skill level 10 in Spellcasting
 43617 | Vaults:2 | Found a staircase to the Crypt.
 44382 | Vaults:2 | HP: 16/129 [stone giant (25)]
 44387 | Vaults:2 | Reached skill level 9 in Charms
 44387 | Vaults:2 | Reached skill level 9 in Summonings
 45235 | Vaults:3 | Received a gift from Okawaru
 45236 | Vaults:3 | Got an emerald-studded chain mail {god gift}
 45297 | Vaults:3 | Identified the +0 chain mail of the Beginning {-Tele rPois Str+2 Int+9} (Okawaru gifted it to you on level 3 of the Vaults)
 46024 | Vaults:3 | Reached XP level 21. HP: 116/134 MP: 35/35
 46131 | Vaults:3 | Reached skill level 10 in Charms
 46131 | Vaults:3 | Reached skill level 10 in Summonings
 46309 | Vaults:3 | Reached skill level 6 in Stealth
 46519 | Vaults:4 | Reached skill level 7 in Stealth
 46703 | Vaults:4 | Reached skill level 11 in Earth Magic
 46754 | Vaults:4 | Found a ruined gateway.
 46775 | Desolati | Entered the Desolation of Salt
 46915 | Desolati | Reached skill level 12 in Earth Magic
 46919 | Desolati | Got a smelly chain mail
 46920 | Desolati | Identified Sif Muna's Almanac of Dark Summoning
 46926 | Desolati | Identified the +5 chain mail of Context {rPois MR+ rCorr Str-2} (You found it in the Desolation of Salt)
 47018 | Desolati | Found the +0 Maxwell's etheric cage {RegenMP+ *Contam rElec MP+4}
 47025 | Desolati | Got a steaming iron ring
 47137 | Desolati | Received a gift from Okawaru
 47296 | Desolati | Reached skill level 13 in Earth Magic
 47594 | Desolati | Got a bloodstained helmet
 47595 | Desolati | Identified the ring "Zothracev" {rF+ Dex+4 SInv Stlth+} (You found it in the Desolation of Salt)
 47598 | Desolati | Identified the cursed +0 helmet of the Suburbs {Int+4} (You found it in the Desolation of Salt)
 47939 | Desolati | Reached skill level 14 in Earth Magic
 48337 | Vaults:4 | Reached skill level 10 in Invocations
 49002 | Vaults:4 | Received a gift from Okawaru
 49116 | Vaults:4 | Reached skill level 16 in Fighting
 49138 | Vaults:4 | Reached XP level 22. HP: 142/142 MP: 36/36
 49633 | Lair:1   | Learned a level 4 spell: Petrify
 49640 | Lair:1   | Learned a level 6 spell: Shadow Creatures
 49648 | Lair:1   | Learned a level 5 spell: Summon Mana Viper
 49797 | Shoals:4 | Entered Level 4 of the Shoals
 49797 | Shoals:4 | Noticed Ilsuiw
 49914 | Shoals:3 | Killed Ilsuiw
 49914 | Shoals:3 | Reached skill level 1 in Hexes
 50028 | Shoals:4 | Reached skill level 2 in Hexes
 50069 | Shoals:4 | Received a gift from Okawaru
 50070 | Shoals:4 | Got a slimy morningstar {god gift}
 50662 | Shoals:4 | Identified the +6 morningstar "Uthritui" {venom, rElec MP-9 Str+4} (Okawaru gifted it to you on level 4 of the Shoals)
 50744 | Shoals:4 | Reached skill level 3 in Hexes
 50904 | Shoals:4 | Got a barnacled rune of Zot
 51338 | Shoals:4 | Reached skill level 11 in Summonings
 51942 | Elf:1    | Entered Level 1 of the Elven Halls
 52182 | Elf:1    | Learned a level 4 spell: Summon Lightning Spire
 53507 | Elf:2    | Found a runed gate.
 53507 | Elf:2    | Found a runed gate.
 53507 | Elf:2    | Found a runed gate.
 53547 | Elf:2    | Received a gift from Okawaru
 53593 | Elf:2    | Reached skill level 17 in Fighting
 53998 | Elf:2    | Reached skill level 12 in Summonings
 54806 | Depths:1 | Entered Level 1 of the Depths
 54963 | Depths:1 | HP: 33/145 [jiangshi[a vampire mage] (15)]
 54967 | Depths:1 | Reached skill level 6 in Evocations
 55669 | Depths:1 | Reached XP level 23. HP: 128/150 MP: 19/37
 55714 | Depths:1 | Found a gateway to Hell.
 56482 | Depths:2 | Noticed a caustic shrike
 56533 | Depths:2 | Killed a caustic shrike
 56854 | Depths:2 | Got a smoking ivory ring
 56855 | Depths:2 | Identified the ring "Saisum" {rElec rPois} (You found it on level 2 of the Depths)
 56882 | Depths:2 | Noticed a caustic shrike
 56904 | Depths:2 | Killed a caustic shrike
 56904 | Depths:2 | Reached skill level 13 in Summonings
 56929 | Depths:2 | Identified the Disquisition on Transmutation and Feathers
 57015 | Depths:2 | Reached skill level 7 in Evocations
 57245 | Depths:2 | Found a one-way gate leading to the halls of Pandemonium.
 57373 | Depths:2 | Received a gift from Okawaru
 57494 | Depths:3 | HP: 36/150 [deep troll earth mage/Lee's Rapid Deconstruction (16)]
 57709 | Depths:3 | Upgraded the game from 0.22-a0-265-g0d8bc90 to 0.22-a0-268-g1cc83ef
 57790 | Depths:3 | Paralysed by a floating eye for 2 turns
 57802 | Depths:3 | Paralysed by a floating eye for 4 turns
 57814 | Depths:3 | Paralysed by a floating eye for 2 turns
 58107 | Depths:3 | Paralysed by a floating eye for 3 turns
 58108 | Depths:3 | HP: 34/151 [deep troll shaman (9)]
 58118 | Depths:3 | Noticed a juggernaut
 58134 | Depths:3 | HP: 37/151 [purple very ugly thing (17)]
 58705 | Depths:3 | Identified the Compendium of Unstable Stones
 59081 | Depths:3 | Found a corrupted altar of Lugonu.
 59081 | Depths:3 | Found a one-way gate to the infinite horrors of the Abyss.
 59348 | Depths:3 | Reached skill level 18 in Fighting
 59359 | Depths:3 | Reached skill level 8 in Evocations
 59362 | Depths:3 | Reached skill level 14 in Summonings
 59373 | Depths:3 | HP: 27/152 [frost giant/bolt of cold (15)]
 59377 | Depths:3 | HP: 13/152 [frost giant/bolt of cold (16)]
 59385 | Depths:3 | HP: 24/152 [purple very ugly thing (13)]
 59530 | Depths:2 | Learned a level 2 spell: Swiftness
 59977 | Depths:3 | Received a gift from Okawaru
 60483 | Depths:2 | Upgraded the game from 0.22-a0-268-g1cc83ef to 0.22-a0-271-gc000056
 60583 | Depths:3 | Paralysed by a floating eye for 2 turns
 60726 | Depths:3 | Paralysed by a floating eye for 4 turns
 60877 | Depths:3 | Received a gift from Okawaru
 61068 | Depths:3 | Reached skill level 1 in Air Magic
 61167 | Depths:3 | Got a pair of distressingly furry boots {god gift}
 61168 | Depths:3 | Identified the -7 pair of boots of Theory {Int+2} (Okawaru gifted it to you on level 3 of the Depths)
 61718 | Depths:3 | Reached XP level 24. HP: 158/158 MP: 8/37
 62163 | Depths:3 | Killed a juggernaut
 62505 | Depths:3 | HP: 30/159 [spark wasp (18)]
 62506 | Depths:3 | HP: 13/159 [spark wasp (4)]
 62513 | Depths:3 | Reached skill level 2 in Air Magic
 62840 | Depths:4 | Found a gateway to a ziggurat.
 63331 | Depths:4 | Reached skill level 9 in Evocations
 64048 | Depths:4 | Found Uppiakk's Jewellery Shop.
 64048 | Depths:4 | Found Raase's Gadget Shoppe.
 64049 | Depths:4 | Found Qed Heeff's Gadget Shoppe.
 64240 | Depths:4 | Reached skill level 15 in Summonings
 64523 | Depths:4 | Found a runed gate.
 64523 | Depths:4 | Found a runed gate.
 64523 | Depths:4 | Found a runed gate.
 64526 | Depths:4 | Noticed a juggernaut
 64542 | Depths:4 | Reached skill level 4 in Hexes
 64582 | Depths:4 | Found a runed gate.
 64585 | Depths:4 | Found a runed gate.
 64585 | Depths:4 | Found a runed gate.
 64598 | Depths:4 | Reached skill level 3 in Air Magic
 65070 | Depths:4 | Received a gift from Okawaru
 65194 | Depths:4 | Gained mutation: Your body sometimes deteriorates upon taking damage. [a shining eye]
 65366 | Depths:4 | Killed a juggernaut
 65366 | Depths:4 | Reached skill level 11 in Spellcasting
 65519 | Depths:4 | Got a pair of slimy boots
 65520 | Depths:4 | Identified the +0 pair of boots of the Oligarchy {MR+} (You found it on level 4 of the Depths)
 65809 | Depths:5 | Entered Level 5 of the Depths
 66136 | Depths:5 | Reached skill level 4 in Air Magic
 66179 | Depths:5 | Noticed Sojobo
 66209 | Depths:5 | Killed Sojobo
 66479 | Depths:5 | Noticed a caustic shrike
 66481 | Depths:5 | Noticed a caustic shrike
 66482 | Depths:5 | Noticed a caustic shrike
 66492 | Depths:5 | Killed a caustic shrike
 66492 | Depths:5 | Received a gift from Okawaru
 66492 | Depths:5 | Reached skill level 19 in Fighting
 67083 | Depths:5 | Killed a caustic shrike
 67383 | Depths:5 | Found a gate to the Realm of Zot.
 67589 | Depths:5 | Found a glowing golden altar of the Shining One.
 67650 | Depths:5 | Learned a level 5 spell: Aura of Abjuration
 67713 | Depths:5 | Killed a caustic shrike
 68027 | Elf:3    | Entered Level 3 of the Elven Halls
 68049 | Elf:3    | Reached skill level 12 in Spellcasting
 68880 | Elf:3    | Noticed Aizul
 68896 | Elf:3    | Killed Aizul
 69165 | Elf:3    | Noticed Asterion
 69182 | Elf:3    | Killed Asterion
 69611 | Elf:3    | Reached XP level 25. HP: 142/167 MP: 19/39
 69975 | Elf:3    | Received a gift from Okawaru
 69976 | Elf:3    | Got a brightly glowing large shield {god gift}
 70036 | Elf:3    | Identified the +13 large shield of Resonance {*Corrode +Blink rC+ Stlth+} (Okawaru gifted it to you on level 3 of the Elven Halls)
 70501 | Elf:3    | Got a scorched scale mail
 70632 | Elf:3    | Identified the cursed +0 scale mail of Follow the Leader {rPois rC- Str+6 Stlth+} (You took it off a deep elf blademaster on level 3 of the Elven Halls)
 70633 | Elf:3    | Identified the cursed +3 mace of Symulig {venom, *Contam Dex+7} (You took it off a deep elf elementalist on level 3 of the Elven Halls)
 70767 | Elf:3    | Identified the +11 flail "Ziypp" {crush, -Tele rElec rF+ Int+3} (You took it off a deep elf annihilator on level 3 of the Elven Halls)
 70857 | Elf:3    | Identified the Catalogue of the Entourage
 70860 | Elf:3    | Identified the +7 plate armour of Cowardice {MR+ Str+4} (You found it on level 3 of the Elven Halls)
 70882 | Elf:3    | Learned a level 3 spell: Summon Guardian Golem
 71794 | Orc:2    | Bought a potion of brilliance for 60 gold pieces
 71794 | Orc:2    | Bought a potion of berserk rage for 75 gold pieces
 71794 | Orc:2    | Bought a potion of agility for 60 gold pieces
 71794 | Orc:2    | Bought a potion of invisibility for 120 gold pieces
 71794 | Orc:2    | Bought a potion of agility for 60 gold pieces
 71794 | Orc:2    | Bought a potion of heal wounds for 75 gold pieces
 71794 | Orc:2    | Bought a potion of curing for 45 gold pieces
 71904 | Orc:1    | Bought a scroll of fear for 105 gold pieces
 71904 | Orc:1    | Bought a scroll of teleportation for 90 gold pieces
 71904 | Orc:1    | Bought a thin lapis lazuli amulet for 150 gold pieces
 71904 | Orc:1    | Bought a scroll of identify for 60 gold pieces
 71904 | Orc:1    | Bought a potion of cancellation for 240 gold pieces
 72230 | Vaults:5 | Entered Level 5 of the Vaults
 72253 | Vaults:5 | Reached skill level 20 in Fighting
 72317 | Vaults:5 | Reached skill level 16 in Armour
 72824 | Vaults:5 | Reached skill level 17 in Armour
 73076 | Vaults:5 | Got a wavering platinum ring
 73240 | Vaults:5 | Identified the ring of Ten Woch {rElec MP+9 Dex-3 Slay+3 SInv} (You took it off a deep elf knight on level 5 of the Vaults)
 73316 | Vaults:5 | Reached skill level 18 in Armour
 73688 | Vaults:5 | Received a gift from Okawaru
 73689 | Vaults:5 | Identified the +2 chain mail "Iletuuw" {rC+++} (Okawaru gifted it to you on level 5 of the Vaults)
 74032 | Vaults:5 | HP: 18/168 [titan/the air (46)]
 74076 | Vaults:5 | HP: 41/168 [quicksilver dragon (glowing shapeshifter)/bolt of dispelling energy (9)]
 74092 | Vaults:5 | HP: 36/168 [quicksilver dragon (glowing shapeshifter)/bolt of dispelling energy (11)]
 74097 | Vaults:5 | Reached skill level 19 in Armour
 74292 | Vaults:5 | Reached skill level 19 in Shields
 74367 | Vaults:5 | Identified Hilevisi's Grimoire of Dusty Hexes
 74494 | Vaults:5 | Paralysed by a yaktaur for 3 turns
 75147 | Vaults:5 | Got a silver rune of Zot
 75438 | Vaults:5 | Got a twisted plate armour
 75610 | Vaults:5 | Identified the Compendium of Toxic Self-Knowledge
 75656 | Vaults:5 | Received a gift from Okawaru
 75670 | Vaults:5 | Identified the +7 plate armour of the Vacuum {MR+ rCorr Int+2 Stlth+} (You took it off a vault guard on level 5 of the Vaults)
 75713 | Vaults:5 | Reached skill level 20 in Shields
 75874 | Vaults:5 | Reached XP level 26. HP: 174/174 MP: 23/39
 76706 | D:14     | Fell from the grace of Okawaru
 76706 | D:14     | Became a worshipper of the Shining One
 76877 | Crypt:1  | Entered Level 1 of the Crypt
 77042 | Crypt:1  | Reached * piety under the Shining One
 77044 | Crypt:1  | Noticed Frederick
 77070 | Crypt:1  | Killed Frederick
 77266 | Crypt:1  | Paralysed by a vampire knight for 7 turns
 77268 | Crypt:1  | Reached ** piety under the Shining One
 77359 | Crypt:1  | Reached skill level 21 in Shields
 77613 | Crypt:1  | Reached *** piety under the Shining One
 78069 | Crypt:1  | Reached **** piety under the Shining One
 78452 | Crypt:2  | Reached ***** piety under the Shining One
 78464 | Crypt:2  | Reached skill level 11 in Invocations
 78697 | Crypt:2  | Found a basalt altar of Yredelemnul.
 79760 | Crypt:3  | Entered Level 3 of the Crypt
 79794 | Crypt:3  | Reached skill level 12 in Invocations
 79946 | Crypt:3  | Reached ****** piety under the Shining One
 80058 | Crypt:3  | Identified a +9 sacred scourge of holy wrath (a +7 demon whip of flaming blessed by the Shining One)
 80058 | Crypt:3  | Received a gift from the Shining One
 80298 | Crypt:3  | HP: 34/174 [titan/bolt of lightning[the fury of Okawaru] (11)]
 80304 | Crypt:3  | HP: 38/174 [titan/bolt of lightning[the fury of Okawaru] (11)]
 80538 | Crypt:3  | Found a staircase to the Tomb.
 80769 | Crypt:3  | Reached skill level 13 in Invocations
 80792 | Crypt:3  | Found an ancient bone altar of Kikubaaqudgha.
 80796 | Crypt:3  | Noticed a greater mummy
 80801 | Crypt:3  | Killed a greater mummy
 80998 | Crypt:3  | Found the +6 Majin-Bo {vamp, Archmagi MP+6 Int+6}
 81046 | Crypt:3  | Found the amulet of the Air {Inacc +Fly rElec EV+5 RMsl}
 81333 | Crypt:3  | Reached skill level 14 in Invocations
 81817 | Zot:1    | Entered Level 1 of the Realm of Zot
 82076 | Zot:1    | Reached skill level 15 in Invocations
 82970 | Zot:1    | Was forgiven by Okawaru
 83008 | Depths:5 | HP: 29/174 [stone giant[the fury of Okawaru] (26)]
 83034 | Depths:5 | HP: 29/174 [deep elf blademaster/rapier[the fury of Okawaru] (19)]
 83462 | Zot:1    | Reached skill level 13 in Spellcasting
 83906 | Zot:1    | Reached skill level 20 in Armour
 83906 | Zot:1    | Reached XP level 27. HP: 179/179 MP: 36/40
 84145 | Zot:1    | Learned a level 2 spell: Shroud of Golubria
 84746 | Zot:2    | Reached skill level 5 in Translocations
 85423 | Zot:2    | Reached skill level 12 in Dodging
 85462 | Zot:2    | Reached skill level 6 in Translocations
 85882 | Zot:3    | Reached skill level 14 in Spellcasting
 85885 | Zot:3    | Reached skill level 5 in Throwing
 86025 | Zot:3    | Reached skill level 7 in Translocations
 86548 | Lair:1   | Learned a level 7 spell: Summon Hydra
 86818 | Zot:3    | Noticed an orb of fire
 86831 | Zot:2    | Gained mutation: Your magical capacity is low. (-10% MP) [an orb of fire]
 86843 | Zot:2    | Gained mutation: You are weak. (Str -2) [an orb of fire]
 86845 | Zot:2    | Killed an orb of fire
 86845 | Zot:2    | Reached skill level 6 in Throwing
 87055 | Zot:3    | Noticed Tiamat
 87060 | Zot:3    | HP: 38/179 [storm dragon/bolt of lightning (12)]
 87088 | Zot:3    | HP: 42/179 [white draconian/chilling blast[Tiamat] (5)]
 87516 | Zot:2    | Reached skill level 13 in Dodging
 88209 | Zot:3    | Killed Tiamat
 88913 | Zot:4    | Reached skill level 14 in Dodging
 89463 | Zot:4    | Reached skill level 13 in Maces & Flails
 90378 | Zot:5    | Entered Level 5 of the Realm of Zot
 90531 | Zot:5    | Noticed an ancient lich
 90536 | Zot:5    | Killed an ancient lich
 90536 | Zot:5    | Reached skill level 14 in Maces & Flails
 90734 | Zot:5    | Noticed an ancient lich
 90746 | Zot:5    | Killed an ancient lich
 90760 | Zot:5    | Noticed an ancient lich
 90773 | Zot:5    | Killed an ancient lich
 90773 | Zot:5    | Reached skill level 15 in Maces & Flails
 91232 | Zot:5    | Noticed an ancient lich
 91242 | Zot:5    | Killed an ancient lich
 91242 | Zot:5    | Reached skill level 16 in Maces & Flails
 91297 | Zot:5    | Noticed an ancient lich
 91308 | Zot:5    | Killed an ancient lich
 91556 | Zot:5    | Noticed an ancient lich
 91567 | Zot:5    | Killed an ancient lich
 91732 | Zot:5    | Reached skill level 17 in Maces & Flails
 91977 | Zot:5    | Noticed an orb of fire
 92039 | Zot:5    | Noticed an orb of fire
 92041 | Zot:5    | Gained mutation: You expend magic power (3 MP) to strengthen your wands. [an orb of fire]
 92044 | Zot:5    | Gained mutation: You are clumsy. (Dex -2) [an orb of fire]
 92051 | Zot:5    | Killed an orb of fire
 92062 | Zot:5    | HP: 32/179 [orb of fire/fireball (18)]
 92065 | Zot:5    | Gained mutation: Armour fits poorly on your strangely shaped body. [an orb of fire]
 92255 | Depths:5 | Got a smoking tin ring
 92256 | Depths:5 | Identified the ring "Waticke" {rCorr rPois rC+ Int+2 Dex+4} (You acquired it on level 5 of the Depths)
 92265 | Depths:5 | Got a fine iron ring
 92266 | Depths:5 | Identified the ring of Beorypo {MR+ Dex+2 SInv} (You acquired it on level 5 of the Depths)
 92270 | Depths:5 | Identified the -7 helmet "Laty" {rCorr Int+3 Dex+8 Slay-5} (You acquired it on level 5 of the Depths)
 92277 | Depths:5 | Identified the amulet "Ricwed" {Spirit rElec rPois rN+ Str-3} (You acquired it on level 5 of the Depths)
 92283 | Depths:5 | Got a warped lead ring
 92284 | Depths:5 | Identified the ring "Jubrirom" {*Corrode +Blink rN+ Int+4 SInv} (You acquired it on level 5 of the Depths)
 92297 | Depths:5 | Learned a level 7 spell: Monstrous Menagerie
 92313 | Depths:5 | Lost mutation: You are weak. (Str -2) [potion of mutation]
 92313 | Depths:5 | Lost mutation: Armour fits poorly on your strangely shaped body. [potion of mutation]
 92313 | Depths:5 | Lost mutation: You expend magic power (3 MP) to strengthen your wands. [potion of mutation]
 92313 | Depths:5 | Gained mutation: Your flesh is heat resistant. (rF+) [potion of mutation]
 92313 | Depths:5 | Gained mutation: You are partially covered in thin metallic scales. (AC +2) [potion of mutation]
 92318 | Depths:5 | Voluntarily entered the Abyss.
 92597 | Abyss:1  | Paralysed by accursed screaming for 1 turns
 92650 | Abyss:2  | Found an ancient bone altar of Kikubaaqudgha.
 92734 | Abyss:2  | Gained mutation: You are very clumsy. (Dex -4) [a neqoxec]
 92978 | Abyss:3  | Found a shadowy altar of Dithmenos.
 92984 | Abyss:3  | Found a shadowy altar of Dithmenos.
 93075 | Abyss:3  | Lost mutation: You are partially covered in thin metallic scales. (AC +2) [potion of mutation]
 93075 | Abyss:3  | Lost mutation: Your flesh is heat resistant. (rF+) [potion of mutation]
 93075 | Abyss:3  | Lost mutation: You are very clumsy. (Dex -4) [potion of mutation]
 93075 | Abyss:3  | Lost mutation: Your body sometimes deteriorates upon taking damage. [potion of mutation]
 93075 | Abyss:3  | Gained mutation: You are very clumsy. (Dex -4) [potion of mutation]
 93075 | Abyss:3  | Gained mutation: Your mind is acute. (Int +2) [potion of mutation]
 93075 | Abyss:3  | Gained mutation: Scrolls take you a little longer to read. [potion of mutation]
 93075 | Abyss:3  | Lost mutation: You are very clumsy. (Dex -4) [potion of mutation]
 93290 | Abyss:3  | Found a corrupted altar of Lugonu.
 93432 | Abyss:3  | Found a shadowy altar of Dithmenos.
 93487 | Abyss:3  | Reached skill level 8 in Stealth
 93499 | Abyss:3  | Paralysed by accursed screaming for 1 turns
 93525 | Abyss:3  | Gained mutation: Your flesh is heat resistant. (rF+) [a neqoxec]
 93608 | Abyss:3  | Reached skill level 7 in Throwing
 93836 | Abyss:4  | Found a corrupted altar of Lugonu.
 94003 | Abyss:4  | Gained mutation: Scrolls take you longer to read. [a neqoxec]
 94019 | Abyss:4  | Reached skill level 15 in Spellcasting
 94181 | Abyss:4  | Reached skill level 9 in Stealth
 94300 | Abyss:5  | Entered Level 5 of the Abyss
 94300 | Abyss:5  | Found a corrupted altar of Lugonu.
 94331 | Abyss:5  | Noticed an ancient lich
 94343 | Abyss:5  | Killed an ancient lich
 94370 | Abyss:5  | Gained mutation: You are occasionally teleported next to monsters. [a neqoxec]
 94389 | Abyss:5  | Reached skill level 8 in Throwing
 94392 | Abyss:5  | Gained mutation: You have large cloven feet. [a neqoxec]
 94424 | Abyss:5  | Lost mutation: Scrolls take you longer to read. [potion of mutation]
 94424 | Abyss:5  | Lost mutation: You have large cloven feet. [potion of mutation]
 94424 | Abyss:5  | Gained mutation: You occasionally shout uncontrollably at your foes. [potion of mutation]
 94424 | Abyss:5  | Gained mutation: You have a pair of small antennae on your head. [potion of mutation]
 94424 | Abyss:5  | Gained mutation: You possess an exceptional clarity of mind. [potion of mutation]
 94591 | Abyss:5  | Reached skill level 10 in Stealth
 94717 | Abyss:5  | Paralysed by accursed screaming for 2 turns
 94821 | Abyss:5  | Reached skill level 9 in Throwing
 94827 | Abyss:5  | Reached skill level 16 in Summonings
 95064 | Abyss:5  | Found a corrupted altar of Lugonu.
 95192 | Abyss:5  | Gained mutation: You expend magic power (3 MP) to strengthen your wands. [a neqoxec]
 95206 | Abyss:5  | Paralysed by you for 5 turns
 95226 | Abyss:5  | Reached skill level 10 in Throwing
 95236 | Abyss:5  | Lost mutation: You possess an exceptional clarity of mind. [a neqoxec]
 95425 | Abyss:5  | Got an abyssal rune of Zot
 95450 | Abyss:5  | Reached skill level 18 in Maces & Flails
 95490 | Depths:5 | Escaped the Abyss
 95518 | Depths:5 | Upgraded the game from 0.22-a0-271-gc000056 to 0.22-a0-274-gf8199ec
 96603 | Slime:1  | Entered Level 1 of the Pits of Slime
 96684 | Slime:2  | Gained mutation: You are weak. (Str -2) [a shining eye]
 96979 | Slime:3  | Reached skill level 22 in Shields
 97117 | Slime:4  | Paralysed by a floating eye for 2 turns
 97190 | Slime:5  | Entered Level 5 of the Pits of Slime
 97706 | Slime:5  | Noticed the Royal Jelly
 97904 | Slime:4  | HP: 31/179 [acid blob[the Royal Jelly] (14)]
 97915 | Slime:4  | HP: 42/179 [acid[the Royal Jelly] (4)]
 97920 | Slime:4  | HP: 42/179 [acid[the Royal Jelly] (1)]
 97951 | Slime:4  | HP: 43/179 [acid (7)]
 97956 | Slime:4  | HP: 32/179 [acid (1)]
 97968 | Slime:4  | Blown up by an eye of devastation

Vault maps used:
D:1:      mrwooster_arrival_statue_3
D:2:      grunt_temple_overflow_open, nicolae_overflow_crystal_walls
D:3:      serial_undead, serial_undead_e, serial_undead_b, serial_undead_e,
          serial_undead_b
D:4:      gup_sewer_entry_pipe, serial_shops, shop, minmay_checkerbox
D:5:      first_ration, lemuel_angel_altar, uniq_ijyb
D:6:      minmay_temple_entry_large_hall
D:7:      nicolae_ru_the_path_less_chosen, patterned_corridor
D:8:      fiery_altar_vehumet, lemuel_round_altar, grunt_livestock,
          lemuel_flame_loot_1
D:9:      nicolae_ashenzari_panopticon, lemuel_coloured_pillars_altar,
          lemuel_crystal_altar, special_room, minmay_holes,
          kennysheep_flooded_box, makhleb_altar_promises_db, uniq_grum,
          uniq_joseph
D:11:     due_lair_maze_entry_diamond, orc_0_dummy, uniq_nergalle
D:12:     cheibrodos_quadrivalence, serial_shops, nicolae_shop_crystal,
          basic_altar
D:13:     lab_entry_generic, serial_shops, shop
D:14:     grunt_vaults_entry_tiered, basic_altar, serial_shops, shop,
          hangedman_decor_diamond_cutter, uniq_kirke
D:15:     hangedman_depths_entry_civil_slaughter, elyvilon_altar_3, special_room
Temple:   cyrus_temple_forest
Lair:1:   uniq_gastronok, uniq_harold
Lair:2:   beast_lair_carwin_large_4, ice2_lemuel
Lair:3:   basic_altar, serial_bayou_pond_d, uniq_urug
Lair:4:   minmay_shoals_entry_centaurs, nicolae_spider_entry_tight_spaces,
          beast_lair_carwin_3, lemuel_fruit_tree, lemuel_fruit_fields,
          serial_bayou_shore_b
Lair:5:   minmay_stone_trees_small, serial_bayou_lagoon_b, uniq_snorg
Lair:6:   evilmike_catoblepas_cave, minmay_slime_entry_pillars,
          serial_bayou_shore_a
Shoals:1: uniq_josephine
Shoals:2: nicolae_shoals_arrival_archipelago
Shoals:3: cheibrodos_shoals_satyrical_garden
Shoals:4: shoals_end_hangedman, shoal_ilsuiw
Spider:1: zaba_anthell
Spider:2: spider_trap, nicolae_spider_cling_halls
Spider:3: uniq_louise
Spider:4: floodkiller_spider_rune_tomb, hangedman_spider_mandibles, uniq_jorgrun
Slime:4:  cheibrodos_slime_lost_civilization_9, uniq_dissolution
Orc:1:    serial_shops, shop, nicolae_volcano_entry_vermiform, mines_bat_river
Orc:2:    kennysheep_orc_mage_school, uniq_rupert, uniq_saint_roka
Elf:1:    eino_elf_arrival_the_gate, minmay_elf_crystal_hexagon,
          nicolae_elf_m_pinch
Elf:2:    small_statue_intersection, small_chamber_with_monster
Elf:3:    minmay_elf_hall_furrowed, grunt_megastairs_5, uniq_asterion,
          uniq_aizul
Vaults:1: vaults_room_fours, nicolae_vaults_network_star, st_greater_box_2,
          hangedman_vaults_unwind, grunt_vaults_swirl,
          grunt_vaults_hallway_short, v_misc_8, nicolae_vaults_what_the_h,
          nicolae_vaults_shelves_hall, nicolae_vaults_little_squares_5,
          v_misc_12, vaults_room_large_hall, serial_glass
Vaults:2: nicolae_vaults_theta, ontoclasm_vaults_shuriken,
          vaults_standard_mumra_enter_the_diamond, v_misc_16,
          nicolae_vaults_specimen_jars, v_alt_pattern_1,
          minmay_crypt_entry_simple_sparse, v_misc_8, hangedman_vaults_snaps,
          ontoclasm_vaults_decontamination
Vaults:3: hangedman_vaults_capsules, grunt_vaults_hallway_long,
          nicolae_vaults_circle_grid_a, v_alt_pattern_4, hangedman_vaults_maws,
          nicolae_vaults_network_periphery, vaults_mumra_minichess
Vaults:4: v_rooms_5, v_pattern_2, vaults_room_stairs_pillars,
          nicolae_vaults_little_squares_2, serial_ice_g, vaults_mumra_hex,
          v_rooms_1, nicolae_vaults_ring_of_whatevers, v_alt_pattern_3,
          vaults_mumra_chevron_long, nicolae_vaults_circle_grid_b,
          portal_desolation_entry_nicolae_slug
Vaults:5: serial_shops
Crypt:1:  moated_statue, serial_sigils_hangedman_gut, grunt_crypt_arrival_split,
          uniq_frederick
Crypt:2:  basic_altar
Crypt:3:  church_of_pain_bobbens, nicolae_tomb_entry_unfolded_pyramid_diagonal,
          minivault_27
Depths:1: grunt_mini_vestibule, minmay_misc_feat_ornament,
          kennysheep_nondescript, moated_statue, serial_bayou_pond_c,
          hangedman_decor_slide_cut, kennysheep_generic_room_14,
          serial_bayou_shore_b
Depths:2: minmay_fractal_lines_corner, serial_bayou_pond_b,
          hangedman_tar_grid_catacomb, grunt_pan_entry_zigzag,
          minmay_misc_feat_tiny, wad_mini_maze
Depths:3: nooodl_heptagram, rand_demon_pan_entry_9, abyss_entry_flame_altar,
          pf_hell_entry_great_geh, minivault_15, serial_sigils_hangedman_stare
Depths:4: kennysheep_treasure_stockpile, enter_ziggurat_b,
          minmay_room_of_horrors, hell_entry, minmay_crystal_water,
          minmay_shop_grove
Depths:5: grunt_zot_entry_funnels, hell_entry,
          nicolae_abyss_entry_one_way_or_another, grunt_decor_mini_mirrors,
          tso_altar, uniq_sojobo
Zot:3:    uniq_tiamat
Zot:4:    grunt_megastairs_3
Abyss:3:  bh_abyss_exit_spiral
Abyss:4:  dshaligram_kb_abyss_rune_zappy_water_cross, hangedman_decor_points,
          minivault_26, minivault_27
Abyss:5:  evilmike_abyss_rune_siren_acolytes,
          guppyfry_abyss_exit_spiral_guarded, minivault_1
Lab:      labyrinth_spiral, nicolae_lab_garden
Sewer:    kennysheep_door_sewer
Volcano:  volcano_lake

Skill      XL: |  1  2  3  4  5  6  7  8  9 10 11 12 13 14 15 16 17 18 19 20 21 22 23 24 25 26 27 |
---------------+----------------------------------------------------------------------------------+-----
Maces & Flails | 3 4 5 6 8 9 10 11 12 18 | 18.0
Stealth        | 4 5 7 10 | 10.0
Invocations    | 4 5 6 8 9 10 15 | 15.0
Dodging        | 2 4 5 6 7 8 9 10 11 14 | 14.0
Fighting       | 4 6 8 9 11 12 13 14 15 16 17 18 19 20 | 20.0
Armour         | 4 6 8 9 10 11 12 13 14 15 19 20 | 20.0
Shields        | 4 6 7 9 10 11 17 18 20 21 22 | 22.5
Throwing       | 4 10 | 10.0
Evocations     | 3 5 6 8 9 |  9.0
Earth Magic    | 4 6 8 10 14 | 14.0
Spellcasting   | 2 3 5 6 10 12 13 15 | 15.0
Ice Magic      | 2 4 |  4.0
Charms         | 2 5 6 8 9 10 | 10.0
Summonings     | 3 5 8 9 10 12 14 15 16 | 16.0
Translocations | 3 4 7 |  7.1
Hexes          | 3 4 |  4.0
Air Magic      | 1 4 |  4.0

Action                   |  1- 3 |  4- 6 |  7- 9 | 10-12 | 13-15 | 16-18 | 19-21 | 22-24 | 25-27 || total
-------------------------+-------+-------+-------+-------+-------+-------+-------+-------+-------++-------
Melee: Flail             |    43 |       |       |       |       |       |       |       |       ||    43
       Whip              |   150 |   184 |   562 |  1089 |       |       |       |       |       ||  1985
       Demon whip        |       |       |       |   148 |  2038 |  2713 |  2994 |  2515 |   608 || 11016
       Sacred scourge    |       |       |       |       |       |       |       |       |  2981 ||  2981
       Morningstar       |       |       |       |       |       |       |       |       |   647 ||   647
 Fire: Hunting sling     |     5 |    42 |       |   188 |   115 |       |       |       |       ||   350
Throw: Stone             |       |     1 |       |       |       |       |       |       |       ||     1
       Javelin           |       |       |       |       |       |       |     3 |     7 |     6 ||    16
 Cast: Ozocubu's Armour  |       |       |       |       |       |     2 |    10 |    35 |    28 ||    75
       Call Imp          |       |       |       |       |       |     7 |       |       |       ||     7
       Call Canine Famil |       |       |       |       |       |     3 |       |     1 |       ||     4
       Regeneration      |       |       |       |       |       |       |    50 |    66 |     5 ||   121
       Summon Ice Beast  |       |       |       |       |       |       |    11 |       |     5 ||    16
       Lee's Rapid Decon |       |       |       |       |       |       |     4 |     9 |     8 ||    21
       Summon Mana Viper |       |       |       |       |       |       |       |    75 |   210 ||   285
       Shadow Creatures  |       |       |       |       |       |       |       |   263 |   191 ||   454
       Petrify           |       |       |       |       |       |       |       |     5 |     3 ||     8
       Blink             |       |       |       |       |       |       |       |     4 |     1 ||     5
       Summon Lightning  |       |       |       |       |       |       |       |     4 |    18 ||    22
       Swiftness         |       |       |       |       |       |       |       |     1 |     1 ||     2
       Aura of Abjuratio |       |       |       |       |       |       |       |     2 |    33 ||    35
       Summon Guardian G |       |       |       |       |       |       |       |       |    41 ||    41
       Summon Butterflie |       |       |       |       |       |       |       |       |     2 ||     2
       Summon Hydra      |       |       |       |       |       |       |       |       |    76 ||    76
       Monstrous Menager |       |       |       |       |       |       |       |       |    56 ||    56
       Shroud of Golubri |       |       |       |       |       |       |       |       |    21 ||    21
Invok: Heroism           |       |       |     2 |    11 |    18 |    10 |    21 |     9 |     2 ||    73
       Finesse           |       |       |       |     7 |     9 |     5 |     9 |     5 |       ||    35
       Cleansing Flame   |       |       |       |       |       |       |       |       |    20 ||    20
       Summon Divine War |       |       |       |       |       |       |       |       |    30 ||    30
       Divine Shield     |       |       |       |       |       |       |       |       |     2 ||     2
       Brand Weapon With |       |       |       |       |       |       |       |       |     1 ||     1
 Abil: Fly               |       |       |       |       |     1 |     1 |       |       |     1 ||     3
       Stop Flying       |       |       |       |       |       |     1 |       |       |     1 ||     2
Evoke: Wand              |       |       |       |       |       |     1 |     3 |     3 |     2 ||     9
       Fan of gales      |       |       |       |       |       |       |       |       |     1 ||     1
       Lamp of fire      |       |       |       |       |       |       |       |       |     1 ||     1
       Lightning rod     |       |       |       |       |       |       |       |       |     1 ||     1
  Use: Potion            |       |     5 |       |     2 |     3 |       |     3 |     4 |    12 ||    29
       Scroll            |       |     3 |       |    10 |    18 |    10 |    13 |    17 |    36 ||   107
 Stab: Sleeping          |       |       |     8 |     5 |    21 |    11 |    14 |    13 |       ||    72
       Distracted        |       |       |       |       |     2 |     5 |     2 |    16 |     8 ||    33
       Confused          |       |       |       |       |       |       |     2 |     2 |       ||     4
       Petrified         |       |       |       |       |       |       |       |     6 |       ||     6
       Paralysed         |       |       |       |       |       |       |       |     2 |       ||     2
  Eat: Chunk             |     2 |     4 |    12 |    27 |    40 |    34 |    28 |   111 |    98 ||   356
       Ration            |       |       |       |       |     1 |     1 |     4 |    17 |    24 ||    47
Armor: Scale mail        |    86 |    77 |    11 |       |       |       |       |       |       ||   174
       Troll leather arm |       |       |   176 |    42 |   125 |   726 |   658 |   746 |  1431 ||  3904
       Leather armour    |       |       |       |   208 |   347 |       |       |       |       ||   555
       Plate armour      |       |       |       |       |       |       |       |       |     8 ||     8
       Skin              |       |       |       |       |       |       |       |       |     1 ||     1
Dodge: Dodged            |    58 |    38 |   125 |   288 |   570 |   819 |   922 |   756 |  1140 ||  4716
Block: Shield            |    86 |    62 |   166 |   369 |   848 |  1782 |  1791 |  1462 |  1293 ||  7859
       Reflection        |       |       |       |       |    24 |    76 |    51 |   111 |   133 ||   395
       Large shield      |       |       |       |       |       |       |       |       |  1964 ||  1964

Table legend:
 A = Spawn XP
 B = Non-spawn XP
 C = Spawn XP percentage of total XP
 D = Spawn monster count
 E = Non-spawn monster count
 F = Spawn count percentage of total count
 G = Total turns spent on level
                    A         B        C        D         E        F      G
               +---------+---------+-------+---------+---------+-------+---------
         Total |  104752 | 1683495 |   5.9 |     211 |    3009 |   6.6 | 97968
               +---------+---------+-------+---------+---------+-------+---------
           D:1 |       0 |      41 |   0.0 |       0 |      21 |   0.0 |   864
           D:2 |       0 |      36 |   0.0 |       0 |      19 |   0.0 |   741
           D:3 |       0 |     207 |   0.0 |       0 |      30 |   0.0 |  1184
           D:4 |       0 |     881 |   0.0 |       0 |      27 |   0.0 |   862
           D:5 |       0 |     807 |   0.0 |       0 |      17 |   0.0 |   936
           D:6 |       0 |     662 |   0.0 |       0 |      28 |   0.0 |   624
           D:7 |       0 |    1640 |   0.0 |       0 |      23 |   0.0 |   943
           D:8 |       0 |    2814 |   0.0 |       0 |      21 |   0.0 |  1312
           D:9 |       0 |    3095 |   0.0 |       0 |      33 |   0.0 |  1348
          D:10 |       0 |    5035 |   0.0 |       0 |      37 |   0.0 |  1932
          D:11 |       0 |    9503 |   0.0 |       0 |      56 |   0.0 |  3343
          D:12 |       0 |    5874 |   0.0 |       0 |      23 |   0.0 |  1277
          D:13 |       0 |   11826 |   0.0 |       0 |      56 |   0.0 |  1640
          D:14 |       0 |   26033 |   0.0 |       0 |      56 |   0.0 |  1658
          D:15 |       0 |   14163 |   0.0 |       0 |      37 |   0.0 |  1220
        Lair:1 |       0 |    7442 |   0.0 |       0 |      17 |   0.0 |  2112
        Lair:2 |       0 |    8072 |   0.0 |       0 |      42 |   0.0 |  1691
        Lair:3 |       0 |    4768 |   0.0 |       0 |      24 |   0.0 |  1566
        Lair:4 |       0 |   11031 |   0.0 |       0 |      44 |   0.0 |  1674
        Lair:5 |       0 |    8183 |   0.0 |       0 |      24 |   0.0 |  1405
        Lair:6 |       0 |   25671 |   0.0 |       0 |      77 |   0.0 |  2412
      Shoals:1 |       0 |   15306 |   0.0 |       0 |      32 |   0.0 |  1210
      Shoals:2 |       0 |   18928 |   0.0 |       0 |      39 |   0.0 |  1336
      Shoals:3 |       0 |   28187 |   0.0 |       0 |      55 |   0.0 |  1502
      Shoals:4 |       0 |   32157 |   0.0 |       0 |      46 |   0.0 |  1350
      Spider:1 |       0 |   27157 |   0.0 |       0 |     103 |   0.0 |  1336
      Spider:2 |       0 |   19473 |   0.0 |       0 |      48 |   0.0 |  1109
      Spider:3 |       0 |   23657 |   0.0 |       0 |      62 |   0.0 |  1622
      Spider:4 |       0 |   50852 |   0.0 |       0 |     110 |   0.0 |  2186
       Slime:1 |       0 |    3344 |   0.0 |       0 |       6 |   0.0 |    67
       Slime:2 |       0 |    2809 |   0.0 |       0 |       7 |   0.0 |   105
       Slime:3 |       0 |    8111 |   0.0 |       0 |      18 |   0.0 |   336
       Slime:4 |       0 |    5701 |   0.0 |       0 |      11 |   0.0 |   259
       Slime:5 |       0 |   18665 |   0.0 |       0 |      32 |   0.0 |   598
         Orc:1 |       0 |    9278 |   0.0 |       0 |      47 |   0.0 |  1066
         Orc:2 |       0 |   11885 |   0.0 |       0 |      53 |   0.0 |  1667
         Elf:1 |       0 |   18531 |   0.0 |       0 |      35 |   0.0 |  1398
         Elf:2 |       0 |   31800 |   0.0 |       0 |      53 |   0.0 |  1535
         Elf:3 |       0 |   45306 |   0.0 |       0 |      56 |   0.0 |  3443
      Vaults:1 |       0 |   91131 |   0.0 |       0 |     126 |   0.0 |  3100
      Vaults:2 |       0 |   25017 |   0.0 |       0 |      43 |   0.0 |  1706
      Vaults:3 |       0 |   31364 |   0.0 |       0 |      48 |   0.0 |  1590
      Vaults:4 |       0 |   53716 |   0.0 |       0 |      86 |   0.0 |  1637
      Vaults:5 |       0 |  119139 |   0.0 |       0 |     136 |   0.0 |  3654
       Crypt:1 |       0 |   31991 |   0.0 |       0 |      54 |   0.0 |  1358
       Crypt:2 |       0 |   27528 |   0.0 |       0 |      35 |   0.0 |  1599
       Crypt:3 |       0 |   46820 |   0.0 |       0 |     115 |   0.0 |  1785
      Depths:1 |       0 |   24902 |   0.0 |       0 |      36 |   0.0 |  1600
      Depths:2 |       0 |   44366 |   0.0 |       0 |      56 |   0.0 |  2877
      Depths:3 |       0 |   86661 |   0.0 |       0 |     104 |   0.0 |  3709
      Depths:4 |       0 |   54800 |   0.0 |       0 |      91 |   0.0 |  2787
      Depths:5 |     852 |   45111 |   1.9 |       1 |      45 |   2.2 |  2498
         Zot:1 |       0 |   58467 |   0.0 |       0 |      46 |   0.0 |  2425
         Zot:2 |       0 |   90094 |   0.0 |       0 |      66 |   0.0 |  2589
         Zot:3 |       0 |   51091 |   0.0 |       0 |      36 |   0.0 |  1161
         Zot:4 |       0 |   50459 |   0.0 |       0 |      40 |   0.0 |  1713
         Zot:5 |       0 |  118875 |   0.0 |       0 |      43 |   0.0 |  1694
       Abyss:1 |    3898 |    4535 |  46.2 |      10 |      20 |  33.3 |   323
       Abyss:2 |    3436 |    5328 |  39.2 |       6 |      19 |  24.0 |   294
       Abyss:3 |   11209 |   11972 |  48.4 |      36 |      33 |  52.2 |   900
       Abyss:4 |   11757 |   15092 |  43.8 |      34 |      35 |  49.3 |   465
       Abyss:5 |   73600 |   24691 |  74.9 |     124 |      78 |  61.4 |  1190
           Lab |       0 |    1712 |   0.0 |       0 |       3 |   0.0 |   171
         Sewer |       0 |     143 |   0.0 |       0 |       6 |   0.0 |   238
       Volcano |       0 |    6667 |   0.0 |       0 |      14 |   0.0 |   532
    Desolation |       0 |   42892 |   0.0 |       0 |      70 |   0.0 |  1424
               +---------+---------+-------+---------+---------+-------+---------

Vault maps used:
D:1:      mrwooster_arrival_statue_3
D:2:      grunt_temple_overflow_open, nicolae_overflow_crystal_walls
D:3:      serial_undead, serial_undead_e, serial_undead_b, serial_undead_e,
          serial_undead_b
D:4:      gup_sewer_entry_pipe, serial_shops, shop, minmay_checkerbox
D:5:      first_ration, lemuel_angel_altar, uniq_ijyb
D:6:      minmay_temple_entry_large_hall
D:7:      nicolae_ru_the_path_less_chosen, patterned_corridor
D:8:      fiery_altar_vehumet, lemuel_round_altar, grunt_livestock,
          lemuel_flame_loot_1
D:9:      nicolae_ashenzari_panopticon, lemuel_coloured_pillars_altar,
          lemuel_crystal_altar, special_room, minmay_holes,
          kennysheep_flooded_box, makhleb_altar_promises_db, uniq_grum,
          uniq_joseph
D:11:     due_lair_maze_entry_diamond, orc_0_dummy, uniq_nergalle
D:12:     cheibrodos_quadrivalence, serial_shops, nicolae_shop_crystal,
          basic_altar
D:13:     lab_entry_generic, serial_shops, shop
D:14:     grunt_vaults_entry_tiered, basic_altar, serial_shops, shop,
          hangedman_decor_diamond_cutter, uniq_kirke
D:15:     hangedman_depths_entry_civil_slaughter, elyvilon_altar_3, special_room
Temple:   cyrus_temple_forest
Lair:1:   uniq_gastronok, uniq_harold
Lair:2:   beast_lair_carwin_large_4, ice2_lemuel
Lair:3:   basic_altar, serial_bayou_pond_d, uniq_urug
Lair:4:   minmay_shoals_entry_centaurs, nicolae_spider_entry_tight_spaces,
          beast_lair_carwin_3, lemuel_fruit_tree, lemuel_fruit_fields,
          serial_bayou_shore_b
Lair:5:   minmay_stone_trees_small, serial_bayou_lagoon_b, uniq_snorg
Lair:6:   evilmike_catoblepas_cave, minmay_slime_entry_pillars,
          serial_bayou_shore_a
Shoals:1: uniq_josephine
Shoals:2: nicolae_shoals_arrival_archipelago
Shoals:3: cheibrodos_shoals_satyrical_garden
Shoals:4: shoals_end_hangedman, shoal_ilsuiw
Spider:1: zaba_anthell
Spider:2: spider_trap, nicolae_spider_cling_halls
Spider:3: uniq_louise
Spider:4: floodkiller_spider_rune_tomb, hangedman_spider_mandibles, uniq_jorgrun
Slime:4:  cheibrodos_slime_lost_civilization_9, uniq_dissolution
Orc:1:    serial_shops, shop, nicolae_volcano_entry_vermiform, mines_bat_river
Orc:2:    kennysheep_orc_mage_school, uniq_rupert, uniq_saint_roka
Elf:1:    eino_elf_arrival_the_gate, minmay_elf_crystal_hexagon,
          nicolae_elf_m_pinch
Elf:2:    small_statue_intersection, small_chamber_with_monster
Elf:3:    minmay_elf_hall_furrowed, grunt_megastairs_5, uniq_asterion,
          uniq_aizul
Vaults:1: vaults_room_fours, nicolae_vaults_network_star, st_greater_box_2,
          hangedman_vaults_unwind, grunt_vaults_swirl,
          grunt_vaults_hallway_short, v_misc_8, nicolae_vaults_what_the_h,
          nicolae_vaults_shelves_hall, nicolae_vaults_little_squares_5,
          v_misc_12, vaults_room_large_hall, serial_glass
Vaults:2: nicolae_vaults_theta, ontoclasm_vaults_shuriken,
          vaults_standard_mumra_enter_the_diamond, v_misc_16,
          nicolae_vaults_specimen_jars, v_alt_pattern_1,
          minmay_crypt_entry_simple_sparse, v_misc_8, hangedman_vaults_snaps,
          ontoclasm_vaults_decontamination
Vaults:3: hangedman_vaults_capsules, grunt_vaults_hallway_long,
          nicolae_vaults_circle_grid_a, v_alt_pattern_4, hangedman_vaults_maws,
          nicolae_vaults_network_periphery, vaults_mumra_minichess
Vaults:4: v_rooms_5, v_pattern_2, vaults_room_stairs_pillars,
          nicolae_vaults_little_squares_2, serial_ice_g, vaults_mumra_hex,
          v_rooms_1, nicolae_vaults_ring_of_whatevers, v_alt_pattern_3,
          vaults_mumra_chevron_long, nicolae_vaults_circle_grid_b,
          portal_desolation_entry_nicolae_slug
Vaults:5: serial_shops
Crypt:1:  moated_statue, serial_sigils_hangedman_gut, grunt_crypt_arrival_split,
          uniq_frederick
Crypt:2:  basic_altar
Crypt:3:  church_of_pain_bobbens, nicolae_tomb_entry_unfolded_pyramid_diagonal,
          minivault_27
Depths:1: grunt_mini_vestibule, minmay_misc_feat_ornament,
          kennysheep_nondescript, moated_statue, serial_bayou_pond_c,
          hangedman_decor_slide_cut, kennysheep_generic_room_14,
          serial_bayou_shore_b
Depths:2: minmay_fractal_lines_corner, serial_bayou_pond_b,
          hangedman_tar_grid_catacomb, grunt_pan_entry_zigzag,
          minmay_misc_feat_tiny, wad_mini_maze
Depths:3: nooodl_heptagram, rand_demon_pan_entry_9, abyss_entry_flame_altar,
          pf_hell_entry_great_geh, minivault_15, serial_sigils_hangedman_stare
Depths:4: kennysheep_treasure_stockpile, enter_ziggurat_b,
          minmay_room_of_horrors, hell_entry, minmay_crystal_water,
          minmay_shop_grove
Depths:5: grunt_zot_entry_funnels, hell_entry,
          nicolae_abyss_entry_one_way_or_another, grunt_decor_mini_mirrors,
          tso_altar, uniq_sojobo
Zot:3:    uniq_tiamat
Zot:4:    grunt_megastairs_3
Abyss:3:  bh_abyss_exit_spiral
Abyss:4:  dshaligram_kb_abyss_rune_zappy_water_cross, hangedman_decor_points,
          minivault_26, minivault_27
Abyss:5:  evilmike_abyss_rune_siren_acolytes,
          guppyfry_abyss_exit_spiral_guarded, minivault_1
Lab:      labyrinth_spiral, nicolae_lab_garden
Sewer:    kennysheep_door_sewer
Volcano:  volcano_lake

Table legend:
 A = Turns spent in this place as a percentage of turns spent in the entire game.
 B = Non-inter-level travel turns spent in this place as a percentage of non-inter-level travel turns spent in the entire game.
 C = Inter-level travel turns spent in this place as a percentage of turns spent in this place.
 D = Turns resting spent in this place as a percentage of non-inter-level travel turns spent in this place.
 E = Turns spent auto-exploring this place as a percentage of non-inter-level travel turns spent in this place.
 F = Non-inter-level travel turns spent in this place divided by the number of levels of this place that you've seen.
                   A       B       C       D       E      F
               +-------+-------+-------+-------+-------+----------------------
         Total | 100.0 | 100.0 |   9.7 |  21.3 |  33.8 | 1321.1
       Dungeon |  20.3 |  19.1 |  15.1 |  14.1 |  47.3 | 1125.5
        Temple |   0.1 |   0.1 |  30.0 |   0.0 |  96.4 |  56.0
          Lair |  11.1 |  10.6 |  13.6 |  17.9 |  42.8 | 1563.8
        Shoals |   5.5 |   5.6 |   7.7 |  12.7 |  48.7 | 1245.0
   Spider Nest |   6.4 |   6.7 |   5.4 |  13.4 |  34.2 | 1478.8
    Slime Pits |   1.4 |   1.5 |   0.0 |  59.0 |   0.0 | 273.0
  Orcish Mines |   2.8 |   2.3 |  24.2 |   7.5 |  47.8 | 1035.5
   Elven Halls |   6.5 |   6.7 |   7.1 |  21.4 |  34.9 | 1974.7
        Vaults |  11.9 |  11.7 |  11.8 |  20.0 |  29.3 | 2062.6
         Crypt |   4.8 |   5.1 |   5.6 |  17.9 |  37.5 | 1491.7
        Depths |  13.8 |  13.8 |   9.1 |  34.5 |  23.2 | 2449.2
           Zot |   9.8 |  10.6 |   2.3 |  40.8 |  21.9 | 1872.8
         Abyss |   3.2 |   3.6 |   0.0 |   3.6 |   1.3 | 634.4
     Labyrinth |   0.2 |   0.2 |   0.0 |   0.0 |   0.0 | 171.0
         Sewer |   0.2 |   0.3 |   0.0 |  10.1 |  43.3 | 238.0
       Volcano |   0.5 |   0.6 |   0.0 |   7.1 |  56.8 | 532.0
    Desolation |   1.5 |   1.6 |   0.0 |   3.2 |  23.5 | 1424.0
               +-------+-------+-------+-------+-------+----------------------

Table legend:
 A = Kills in this place as a percentage of kills in entire the game.
 B = Kills by you in this place as a percentage of kills by you in the entire game.
 C = Kills by friends in this place as a percentage of kills by friends in the entire game.
 D = Other kills in this place as a percentage of other kills in the entire game.
 E = Experience gained in this place as a percentage of experience gained in the entire game.
 F = Experience gained in this place divided by the number of levels of this place that you have seen.
                   A       B       C       D       E      F
               +-------+-------+-------+-------+-------+----------------------
         Total | 100.0 | 100.0 | 100.0 | 100.0 | 100.0 | 26690.3
       Dungeon |  15.0 |  18.5 |   0.0 |   0.0 |   4.6 | 5507.8
          Lair |   7.1 |   8.7 |   0.0 |   0.0 |   3.6 | 10861.2
        Shoals |   5.3 |   6.0 |   0.7 |  28.2 |   5.3 | 23644.5
   Spider Nest |  10.0 |  12.2 |   0.2 |   2.6 |   6.8 | 30284.8
    Slime Pits |   2.3 |   1.2 |   7.7 |   0.0 |   2.2 | 7726.0
  Orcish Mines |   3.1 |   3.8 |   0.0 |   0.0 |   1.2 | 10581.5
   Elven Halls |   4.5 |   3.9 |   6.8 |  10.3 |   5.3 | 31879.0
        Vaults |  13.6 |  13.5 |  13.6 |  20.5 |  17.9 | 64073.4
         Crypt |   6.3 |   6.7 |   5.2 |   0.0 |   5.9 | 35446.3
        Depths |  10.3 |   7.7 |  22.5 |  12.8 |  14.4 | 51338.4
           Zot |   7.2 |   5.4 |  14.5 |  20.5 |  20.6 | 73797.2
         Abyss |  12.3 |   8.8 |  28.9 |   5.1 |   9.3 | 33103.6
     Labyrinth |   0.1 |   0.1 |   0.0 |   0.0 |   0.1 | 1712.0
         Sewer |   0.2 |   0.2 |   0.0 |   0.0 |   0.0 | 143.0
       Volcano |   0.4 |   0.5 |   0.0 |   0.0 |   0.4 | 6667.0
    Desolation |   2.2 |   2.7 |   0.0 |   0.0 |   2.4 | 42892.0
               +-------+-------+-------+-------+-------+----------------------
